Workbook

Sheet Information du journal
B1: Insérer ici les données du journal de trading
B3: Tutoriel du journal de trading | C3: https://youtu.be/kGz-MhVuoZE
B4: Journal téléchargeable ici : | C4: https://www.andlil.com/forum/journal-de-trading-2-0-t37241.html
C5: ( tuto à visionner avant l'utilisation du journal ! )
B6: Insérer le capitale de trading
C7: Liste
B8: Type de marché
B9: Valeur du point
B10: Sens des trades
B11: Prix du Stop garantie
B12: Année du journal
B13: Compte de trading

Sheet Etat psy
A1: Evaluation personnel avant de passer un Trade
A2: Trade N° | B2: Humeur | G2: Fatigue | L2: Concentration | Q2: Manque ressenti au trading | U2: Malade | X2: Qualité mentale | AA2: OUI DANGER NON | AB2: Liste
B3: Liste | G3: Liste | L3: Liste | Q3: Liste | U3: Liste | X3: résultats | AB3: Bien
A4: 1 | D4: =IF(B4="Bien",10,) -> 0 | E4: =IF(B4="Moyen",5,) -> 0 | F4: =IF(B4="Mauvais",-35,) -> 0 | I4: =IF(G4="Non",10,) -> 0 | J4: =IF(G4="Un peu",5,) -> 0 | K4: =IF(G4="Beaucoup",-35,) -> 0 | N4: =IF(L4="Bien",5,) -> 0 | O4: =IF(L4="Moyen",0,) -> 0 | P4: =IF(L4="Mauvais",-35,) -> 0 | S4: =IF(Q4="Oui",-35,) -> 0 | T4: =IF(Q4="Non",10,) -> 0 | V4: =IF(U4="Oui",-35,) -> 0 | W4: =IF(U4="Non",10,) -> 0 | X4: =SUM(B4:W4) -> 0 | Y4: / | Z4: 45 | AA4: =X4/Z4 -> 0 | AB4: Moyen
A5: 2 | D5: =IF(B5="Bien",10,) -> 0 | E5: =IF(B5="Moyen",5,) -> 0 | F5: =IF(B5="Mauvais",-35,) -> 0 | I5: =IF(G5="Non",10,) -> 0 | J5: =IF(G5="Un peu",5,) -> 0 | K5: =IF(G5="Beaucoup",-35,) -> 0 | N5: =IF(L5="Bien",5,) -> 0 | O5: =IF(L5="Moyen",0,) -> 0 | P5: =IF(L5="Mauvais",-35,) -> 0 | S5: =IF(Q5="Oui",-35,) -> 0 | T5: =IF(Q5="Non",10,) -> 0 | V5: =IF(U5="Oui",-35,) -> 0 | W5: =IF(U5="Non",10,) -> 0 | X5: =SUM(B5:W5) -> 0 | Y5: / | Z5: 45 | AA5: =X5/Z5 -> 0 | AB5: Mauvais
A6: 3 | D6: =IF(B6="Bien",10,) -> 0 | E6: =IF(B6="Moyen",5,) -> 0 | F6: =IF(B6="Mauvais",-35,) -> 0 | I6: =IF(G6="Non",10,) -> 0 | J6: =IF(G6="Un peu",5,) -> 0 | K6: =IF(G6="Beaucoup",-35,) -> 0 | N6: =IF(L6="Bien",5,) -> 0 | O6: =IF(L6="Moyen",0,) -> 0 | P6: =IF(L6="Mauvais",-35,) -> 0 | S6: =IF(Q6="Oui",-35,) -> 0 | T6: =IF(Q6="Non",10,) -> 0 | V6: =IF(U6="Oui",-35,) -> 0 | W6: =IF(U6="Non",10,) -> 0 | X6: =SUM(B6:W6) -> 0 | Y6: / | Z6: 45 | AA6: =X6/Z6 -> 0
A7: 4 | D7: =IF(B7="Bien",10,) -> 0 | E7: =IF(B7="Moyen",5,) -> 0 | F7: =IF(B7="Mauvais",-35,) -> 0 | I7: =IF(G7="Non",10,) -> 0 | J7: =IF(G7="Un peu",5,) -> 0 | K7: =IF(G7="Beaucoup",-35,) -> 0 | N7: =IF(L7="Bien",5,) -> 0 | O7: =IF(L7="Moyen",0,) -> 0 | P7: =IF(L7="Mauvais",-35,) -> 0 | S7: =IF(Q7="Oui",-35,) -> 0 | T7: =IF(Q7="Non",10,) -> 0 | V7: =IF(U7="Oui",-35,) -> 0 | W7: =IF(U7="Non",10,) -> 0 | X7: =SUM(B7:W7) -> 0 | Y7: / | Z7: 45 | AA7: =X7/Z7 -> 0 | AB7: Non
A8: 5 | D8: =IF(B8="Bien",10,) -> 0 | E8: =IF(B8="Moyen",5,) -> 0 | F8: =IF(B8="Mauvais",-35,) -> 0 | I8: =IF(G8="Non",10,) -> 0 | J8: =IF(G8="Un peu",5,) -> 0 | K8: =IF(G8="Beaucoup",-35,) -> 0 | N8: =IF(L8="Bien",5,) -> 0 | O8: =IF(L8="Moyen",0,) -> 0 | P8: =IF(L8="Mauvais",-35,) -> 0 | S8: =IF(Q8="Oui",-35,) -> 0 | T8: =IF(Q8="Non",10,) -> 0 | V8: =IF(U8="Oui",-35,) -> 0 | W8: =IF(U8="Non",10,) -> 0 | X8: =SUM(B8:W8) -> 0 | Y8: / | Z8: 45 | AA8: =X8/Z8 -> 0 | AB8: Un peu
A9: 6 | D9: =IF(B9="Bien",10,) -> 0 | E9: =IF(B9="Moyen",5,) -> 0 | F9: =IF(B9="Mauvais",-35,) -> 0 | I9: =IF(G9="Non",10,) -> 0 | J9: =IF(G9="Un peu",5,) -> 0 | K9: =IF(G9="Beaucoup",-35,) -> 0 | N9: =IF(L9="Bien",5,) -> 0 | O9: =IF(L9="Moyen",0,) -> 0 | P9: =IF(L9="Mauvais",-35,) -> 0 | S9: =IF(Q9="Oui",-35,) -> 0 | T9: =IF(Q9="Non",10,) -> 0 | V9: =IF(U9="Oui",-35,) -> 0 | W9: =IF(U9="Non",10,) -> 0 | X9: =SUM(B9:W9) -> 0 | Y9: / | Z9: 45 | AA9: =X9/Z9 -> 0 | AB9: Beaucoup
A10: 7 | D10: =IF(B10="Bien",10,) -> 0 | E10: =IF(B10="Moyen",5,) -> 0 | F10: =IF(B10="Mauvais",-35,) -> 0 | I10: =IF(G10="Non",10,) -> 0 | J10: =IF(G10="Un peu",5,) -> 0 | K10: =IF(G10="Beaucoup",-35,) -> 0 | N10: =IF(L10="Bien",5,) -> 0 | O10: =IF(L10="Moyen",0,) -> 0 | P10: =IF(L10="Mauvais",-35,) -> 0 | S10: =IF(Q10="Oui",-35,) -> 0 | T10: =IF(Q10="Non",10,) -> 0 | V10: =IF(U10="Oui",-35,) -> 0 | W10: =IF(U10="Non",10,) -> 0 | X10: =SUM(B10:W10) -> 0 | Y10: / | Z10: 45 | AA10: =X10/Z10 -> 0
A11: 8 | D11: =IF(B11="Bien",10,) -> 0 | E11: =IF(B11="Moyen",5,) -> 0 | F11: =IF(B11="Mauvais",-35,) -> 0 | I11: =IF(G11="Non",10,) -> 0 | J11: =IF(G11="Un peu",5,) -> 0 | K11: =IF(G11="Beaucoup",-35,) -> 0 | N11: =IF(L11="Bien",5,) -> 0 | O11: =IF(L11="Moyen",0,) -> 0 | P11: =IF(L11="Mauvais",-35,) -> 0 | S11: =IF(Q11="Oui",-35,) -> 0 | T11: =IF(Q11="Non",10,) -> 0 | V11: =IF(U11="Oui",-35,) -> 0 | W11: =IF(U11="Non",10,) -> 0 | X11: =SUM(B11:W11) -> 0 | Y11: / | Z11: 45 | AA11: =X11/Z11 -> 0 | AB11: Non
A12: 9 | D12: =IF(B12="Bien",10,) -> 0 | E12: =IF(B12="Moyen",5,) -> 0 | F12: =IF(B12="Mauvais",-35,) -> 0 | I12: =IF(G12="Non",10,) -> 0 | J12: =IF(G12="Un peu",5,) -> 0 | K12: =IF(G12="Beaucoup",-35,) -> 0 | N12: =IF(L12="Bien",5,) -> 0 | O12: =IF(L12="Moyen",0,) -> 0 | P12: =IF(L12="Mauvais",-35,) -> 0 | S12: =IF(Q12="Oui",-35,) -> 0 | T12: =IF(Q12="Non",10,) -> 0 | V12: =IF(U12="Oui",-35,) -> 0 | W12: =IF(U12="Non",10,) -> 0 | X12: =SUM(B12:W12) -> 0 | Y12: / | Z12: 45 | AA12: =X12/Z12 -> 0 | AB12: Oui
A13: 10 | D13: =IF(B13="Bien",10,) -> 0 | E13: =IF(B13="Moyen",5,) -> 0 | F13: =IF(B13="Mauvais",-35,) -> 0 | I13: =IF(G13="Non",10,) -> 0 | J13: =IF(G13="Un peu",5,) -> 0 | K13: =IF(G13="Beaucoup",-35,) -> 0 | N13: =IF(L13="Bien",5,) -> 0 | O13: =IF(L13="Moyen",0,) -> 0 | P13: =IF(L13="Mauvais",-35,) -> 0 | S13: =IF(Q13="Oui",-35,) -> 0 | T13: =IF(Q13="Non",10,) -> 0 | V13: =IF(U13="Oui",-35,) -> 0 | W13: =IF(U13="Non",10,) -> 0 | X13: =SUM(B13:W13) -> 0 | Y13: / | Z13: 45 | AA13: =X13/Z13 -> 0
A14: 11 | D14: =IF(B14="Bien",10,) -> 0 | E14: =IF(B14="Moyen",5,) -> 0 | F14: =IF(B14="Mauvais",-35,) -> 0 | I14: =IF(G14="Non",10,) -> 0 | J14: =IF(G14="Un peu",5,) -> 0 | K14: =IF(G14="Beaucoup",-35,) -> 0 | N14: =IF(L14="Bien",5,) -> 0 | O14: =IF(L14="Moyen",0,) -> 0 | P14: =IF(L14="Mauvais",-35,) -> 0 | S14: =IF(Q14="Oui",-35,) -> 0 | T14: =IF(Q14="Non",10,) -> 0 | V14: =IF(U14="Oui",-35,) -> 0 | W14: =IF(U14="Non",10,) -> 0 | X14: =SUM(B14:W14) -> 0 | Y14: / | Z14: 45 | AA14: =X14/Z14 -> 0
A15: 12 | D15: =IF(B15="Bien",10,) -> 0 | E15: =IF(B15="Moyen",5,) -> 0 | F15: =IF(B15="Mauvais",-35,) -> 0 | I15: =IF(G15="Non",10,) -> 0 | J15: =IF(G15="Un peu",5,) -> 0 | K15: =IF(G15="Beaucoup",-35,) -> 0 | N15: =IF(L15="Bien",5,) -> 0 | O15: =IF(L15="Moyen",0,) -> 0 | P15: =IF(L15="Mauvais",-35,) -> 0 | S15: =IF(Q15="Oui",-35,) -> 0 | T15: =IF(Q15="Non",10,) -> 0 | V15: =IF(U15="Oui",-35,) -> 0 | W15: =IF(U15="Non",10,) -> 0 | X15: =SUM(B15:W15) -> 0 | Y15: / | Z15: 45 | AA15: =X15/Z15 -> 0
A16: 13 | D16: =IF(B16="Bien",10,) -> 0 | E16: =IF(B16="Moyen",5,) -> 0 | F16: =IF(B16="Mauvais",-35,) -> 0 | I16: =IF(G16="Non",10,) -> 0 | J16: =IF(G16="Un peu",5,) -> 0 | K16: =IF(G16="Beaucoup",-35,) -> 0 | N16: =IF(L16="Bien",5,) -> 0 | O16: =IF(L16="Moyen",0,) -> 0 | P16: =IF(L16="Mauvais",-35,) -> 0 | S16: =IF(Q16="Oui",-35,) -> 0 | T16: =IF(Q16="Non",10,) -> 0 | V16: =IF(U16="Oui",-35,) -> 0 | W16: =IF(U16="Non",10,) -> 0 | X16: =SUM(B16:W16) -> 0 | Y16: / | Z16: 45 | AA16: =X16/Z16 -> 0
A17: 14 | D17: =IF(B17="Bien",10,) -> 0 | E17: =IF(B17="Moyen",5,) -> 0 | F17: =IF(B17="Mauvais",-35,) -> 0 | I17: =IF(G17="Non",10,) -> 0 | J17: =IF(G17="Un peu",5,) -> 0 | K17: =IF(G17="Beaucoup",-35,) -> 0 | N17: =IF(L17="Bien",5,) -> 0 | O17: =IF(L17="Moyen",0,) -> 0 | P17: =IF(L17="Mauvais",-35,) -> 0 | S17: =IF(Q17="Oui",-35,) -> 0 | T17: =IF(Q17="Non",10,) -> 0 | V17: =IF(U17="Oui",-35,) -> 0 | W17: =IF(U17="Non",10,) -> 0 | X17: =SUM(B17:W17) -> 0 | Y17: / | Z17: 45 | AA17: =X17/Z17 -> 0
A18: 15 | D18: =IF(B18="Bien",10,) -> 0 | E18: =IF(B18="Moyen",5,) -> 0 | F18: =IF(B18="Mauvais",-35,) -> 0 | I18: =IF(G18="Non",10,) -> 0 | J18: =IF(G18="Un peu",5,) -> 0 | K18: =IF(G18="Beaucoup",-35,) -> 0 | N18: =IF(L18="Bien",5,) -> 0 | O18: =IF(L18="Moyen",0,) -> 0 | P18: =IF(L18="Mauvais",-35,) -> 0 | S18: =IF(Q18="Oui",-35,) -> 0 | T18: =IF(Q18="Non",10,) -> 0 | V18: =IF(U18="Oui",-35,) -> 0 | W18: =IF(U18="Non",10,) -> 0 | X18: =SUM(B18:W18) -> 0 | Y18: / | Z18: 45 | AA18: =X18/Z18 -> 0
A19: 16 | D19: =IF(B19="Bien",10,) -> 0 | E19: =IF(B19="Moyen",5,) -> 0 | F19: =IF(B19="Mauvais",-35,) -> 0 | I19: =IF(G19="Non",10,) -> 0 | J19: =IF(G19="Un peu",5,) -> 0 | K19: =IF(G19="Beaucoup",-35,) -> 0 | N19: =IF(L19="Bien",5,) -> 0 | O19: =IF(L19="Moyen",0,) -> 0 | P19: =IF(L19="Mauvais",-35,) -> 0 | S19: =IF(Q19="Oui",-35,) -> 0 | T19: =IF(Q19="Non",10,) -> 0 | V19: =IF(U19="Oui",-35,) -> 0 | W19: =IF(U19="Non",10,) -> 0 | X19: =SUM(B19:W19) -> 0 | Y19: / | Z19: 45 | AA19: =X19/Z19 -> 0
A20: 17 | D20: =IF(B20="Bien",10,) -> 0 | E20: =IF(B20="Moyen",5,) -> 0 | F20: =IF(B20="Mauvais",-35,) -> 0 | I20: =IF(G20="Non",10,) -> 0 | J20: =IF(G20="Un peu",5,) -> 0 | K20: =IF(G20="Beaucoup",-35,) -> 0 | N20: =IF(L20="Bien",5,) -> 0 | O20: =IF(L20="Moyen",0,) -> 0 | P20: =IF(L20="Mauvais",-35,) -> 0 | S20: =IF(Q20="Oui",-35,) -> 0 | T20: =IF(Q20="Non",10,) -> 0 | V20: =IF(U20="Oui",-35,) -> 0 | W20: =IF(U20="Non",10,) -> 0 | X20: =SUM(B20:W20) -> 0 | Y20: / | Z20: 45 | AA20: =X20/Z20 -> 0
A21: 18 | D21: =IF(B21="Bien",10,) -> 0 | E21: =IF(B21="Moyen",5,) -> 0 | F21: =IF(B21="Mauvais",-35,) -> 0 | I21: =IF(G21="Non",10,) -> 0 | J21: =IF(G21="Un peu",5,) -> 0 | K21: =IF(G21="Beaucoup",-35,) -> 0 | N21: =IF(L21="Bien",5,) -> 0 | O21: =IF(L21="Moyen",0,) -> 0 | P21: =IF(L21="Mauvais",-35,) -> 0 | S21: =IF(Q21="Oui",-35,) -> 0 | T21: =IF(Q21="Non",10,) -> 0 | V21: =IF(U21="Oui",-35,) -> 0 | W21: =IF(U21="Non",10,) -> 0 | X21: =SUM(B21:W21) -> 0 | Y21: / | Z21: 45 | AA21: =X21/Z21 -> 0
A22: 19 | D22: =IF(B22="Bien",10,) -> 0 | E22: =IF(B22="Moyen",5,) -> 0 | F22: =IF(B22="Mauvais",-35,) -> 0 | I22: =IF(G22="Non",10,) -> 0 | J22: =IF(G22="Un peu",5,) -> 0 | K22: =IF(G22="Beaucoup",-35,) -> 0 | N22: =IF(L22="Bien",5,) -> 0 | O22: =IF(L22="Moyen",0,) -> 0 | P22: =IF(L22="Mauvais",-35,) -> 0 | S22: =IF(Q22="Oui",-35,) -> 0 | T22: =IF(Q22="Non",10,) -> 0 | V22: =IF(U22="Oui",-35,) -> 0 | W22: =IF(U22="Non",10,) -> 0 | X22: =SUM(B22:W22) -> 0 | Y22: / | Z22: 45 | AA22: =X22/Z22 -> 0
A23: 20 | D23: =IF(B23="Bien",10,) -> 0 | E23: =IF(B23="Moyen",5,) -> 0 | F23: =IF(B23="Mauvais",-35,) -> 0 | I23: =IF(G23="Non",10,) -> 0 | J23: =IF(G23="Un peu",5,) -> 0 | K23: =IF(G23="Beaucoup",-35,) -> 0 | N23: =IF(L23="Bien",5,) -> 0 | O23: =IF(L23="Moyen",0,) -> 0 | P23: =IF(L23="Mauvais",-35,) -> 0 | S23: =IF(Q23="Oui",-35,) -> 0 | T23: =IF(Q23="Non",10,) -> 0 | V23: =IF(U23="Oui",-35,) -> 0 | W23: =IF(U23="Non",10,) -> 0 | X23: =SUM(B23:W23) -> 0 | Y23: / | Z23: 45 | AA23: =X23/Z23 -> 0
A24: 21 | D24: =IF(B24="Bien",10,) -> 0 | E24: =IF(B24="Moyen",5,) -> 0 | F24: =IF(B24="Mauvais",-35,) -> 0 | I24: =IF(G24="Non",10,) -> 0 | J24: =IF(G24="Un peu",5,) -> 0 | K24: =IF(G24="Beaucoup",-35,) -> 0 | N24: =IF(L24="Bien",5,) -> 0 | O24: =IF(L24="Moyen",0,) -> 0 | P24: =IF(L24="Mauvais",-35,) -> 0 | S24: =IF(Q24="Oui",-35,) -> 0 | T24: =IF(Q24="Non",10,) -> 0 | V24: =IF(U24="Oui",-35,) -> 0 | W24: =IF(U24="Non",10,) -> 0 | X24: =SUM(B24:W24) -> 0 | Y24: / | Z24: 45 | AA24: =X24/Z24 -> 0
... A2253: 2250 | D2253: =IF(B2253="Bien",10,) -> 0 | E2253: =IF(B2253="Moyen",5,) -> 0 | F2253: =IF(B2253="Mauvais",-35,) -> 0 | I2253: =IF(G2253="Non",10,) -> 0 | J2253: =IF(G2253="Un peu",5,) -> 0 | K2253: =IF(G2253="Beaucoup",-35,) -> 0 | N2253: =IF(L2253="Bien",5,) -> 0 | O2253: =IF(L2253="Moyen",0,) -> 0 | P2253: =IF(L2253="Mauvais",-35,) -> 0 | S2253: =IF(Q2253="Oui",-35,) -> 0 | T2253: =IF(Q2253="Non",10,) -> 0 | V2253: =IF(U2253="Oui",-35,) -> 0 | W2253: =IF(U2253="Non",10,) -> 0 | X2253: =SUM(B2253:W2253) -> 0 | Y2253: / | Z2253: 45 | AA2253: =X2253/Z2253 -> 0

Sheet Déscriptions des trades
A1: Calculateur de LOTS selon SL et TP | O1: Calculateur de risque | AF1: Information du jour | AP1: IN | AX1: Détail du trade | CC1: Info | CG1: Récapitulatif du gain | CM1: Qualité du trade | DD1: Information complémentaire | DH1: Accès aux captures d'écrans
A3: SL | B3: Qté de Lots | C3: TP | E3: SL | G3: Qté de Lots | H3: TP | J3: SL | L3: Qté de Lots | M3: TP | O3: Perte du capital max 1 % | P3: Perte en % | Q3: Solde si SL touché | R3: 0 | T3: Valeurs l'actif | W3: Valeur du point | X3: Levier max 6 | AA3: Flash Crach | AB3: Perte du capital en % | AC3: Soit | AD3: Solde | AF3: Trade N° | AH3: Date | AK3: volatilité / Info journée | AQ3: Sens | AR3: Actif | AT3: Heure du trade | AU3: Durée du trade | AY3: Type de Risque | BA3: UT d'entrée | BC3: Etat du marché | BE3: Stratégie d'entrée | BF3: Passage | BH3: Entrée au prix | BJ3: Entrée | BL3: Zone d'entrée Gagnant | BM3: Zone d'entrée Perdant / Flat | BO3: Ligne de défense 1 | BQ3: Ligne de défense 2 | BS3: Ligne de défense 3 | BU3: Ligne de défense 4 | BW3: Sortie au prix | BX3: Sortie Fractionnée | BY3: Sortie : TP / SL / manuel | BZ3: Zone de sortie | CC3: Potentiel de points | CH3: Nbrs de points | CI3: Gain | CJ3: % du trade réel | CK3: Capital | CN3: Trade pris selon le plan | CP3: Confiance sur le plan | CR3: Durée du trade | CT3: Déroulement du trade ( difficulté ) | CV3: Trade d'ennuie | CY3: Qualité du trade | DE3: Texte | DI3: Journal de Trading Andlil / Dossier
A4: ='Information du journal'!C13 -> 0 | C4: 1 | E4: ='Information du journal'!C13 -> 0 | H4: 2 | J4: ='Information du journal'!C13 -> 0 | M4: 3 | O4: Calculateur de perte | R4: Gain | T4: Calculateur de leviers | AA4: Risque de perte sans SLg | AJ4: 00.00.0000 | AL4: Liste | AM4: Annonces ? | AQ4: Liste | AR4: Liste | AT4: 0 | AU4: 0 | AY4: Liste | BA4: Liste | BC4: Liste | BE4: Liste | BF4: Liste | BJ4: Liste | BL4: Liste | BM4: Liste | BO4: Liste | BQ4: Liste | BS4: Liste | BU4: Liste | BX4: Liste | BY4: Liste | BZ4: Liste | CJ4: =SUM(CJ5:CJ2254) -> #DIV/0! | CK4: ='Calculateur de trading'!B5 -> 0 | CN4: Liste | CP4: Liste | CR4: Liste | CT4: Liste | CV4: Liste | CY4: résultats
A5: 50 | B5: ='Calculateur de trading'!I5/C5/W5 -> #DIV/0! | C5: 10 | E5: 100 | F5: =(E5/A5) -> 2 | G5: =B5/F5 -> #DIV/0! | H5: =C5*F5 -> 20 | J5: 200 | K5: =J5/A5 -> 4 | L5: =B5/K5 -> #DIV/0! | M5: =C5*K5 -> 40 | O5: =(A5*B5*W5)+(B5*'Calculateur de trading'!H5) -> #DIV/0! | P5: =O5/'Déscriptions des trades'!CK4 -> #DIV/0! | Q5: ='Déscriptions des trades'!CK4-'Déscriptions des trades'!O5 -> #DIV/0! | R5: =B5*C5 -> #DIV/0! | W5: ='Information du journal'!C9 -> 0 | X5: =W5*U5/CK4*B5 -> #DIV/0! | AA5: 0.1 | AB5: =(AA5*'Déscriptions des trades'!U5*'Déscriptions des trades'!B5/'Déscriptions des trades'!CK4)*'Déscriptions des trades'!W5 -> #DIV/0! | AC5: =AB5*'Déscriptions des trades'!CK4 -> #DIV/0! | AD5: ='Déscriptions des trades'!CK4-AC5 -> #DIV/0! | AF5: 1 | CH5: =BW5-BH5 -> 0 | CI5: 12.89 | CJ5: =CI5/CK4 -> #DIV/0! | CK5: =CI5+CK4 -> 12.89 | CO5: =IF(CN5="Oui",10,) -> 0 | CQ5: =IF(CP5="Oui",10,) -> 0 | CS5: =IF(CR5="Bon",10,) -> 0 | CU5: =IF(CT5="Bon",10,) -> 0 | CW5: =IF(CV5="Non",10,) -> 0 | CX5: =IF(CV5="Oui",-40,) -> 0 | CY5: =SUM(CN5:CX5) -> 0 | CZ5: / | DA5: 50 | DB5: =CY5/DA5 -> 0
A6: =A5 -> 50 | B6: ='Calculateur de trading'!I6/C6/W6 -> #DIV/0! | C6: =C5 -> 10 | E6: =E5 -> 100 | F6: =(E6/A6) -> 2 | G6: =B6/F6 -> #DIV/0! | H6: =C6*F6 -> 20 | J6: =J5 -> 200 | K6: =J6/A6 -> 4 | L6: =B6/K6 -> #DIV/0! | M6: =C6*K6 -> 40 | O6: =(A6*B6*W6)+(B6*'Calculateur de trading'!H6) -> #DIV/0! | P6: =O6/'Déscriptions des trades'!CK5 -> #DIV/0! | Q6: ='Déscriptions des trades'!CK5-'Déscriptions des trades'!O6 -> #DIV/0! | R6: =B6*C6 -> #DIV/0! | W6: =W5 -> 0 | X6: =W6*U6/CK5*B6 -> #DIV/0! | AA6: =AA5 -> 0.1 | AB6: =(AA6*'Déscriptions des trades'!U6*'Déscriptions des trades'!B6/'Déscriptions des trades'!CK5)*'Déscriptions des trades'!W6 -> #DIV/0! | AC6: =AB6*'Déscriptions des trades'!CK5 -> #DIV/0! | AD6: ='Déscriptions des trades'!CK5-AC6 -> #DIV/0! | AF6: 2 | CH6: =BW6-BH6 -> 0 | CJ6: =CI6/CK5 -> 0 | CK6: =CI6+CK5 -> 12.89 | CO6: =IF(CN6="Oui",10,) -> 0 | CQ6: =IF(CP6="Oui",10,) -> 0 | CS6: =IF(CR6="Bon",10,) -> 0 | CU6: =IF(CT6="Bon",10,) -> 0 | CW6: =IF(CV6="Non",10,) -> 0 | CX6: =IF(CV6="Oui",-40,) -> 0 | CY6: =SUM(CN6:CX6) -> 0 | CZ6: / | DA6: 50 | DB6: =CY6/DA6 -> 0
A7: =A6 -> 50 | B7: ='Calculateur de trading'!I7/C7/W7 -> #DIV/0! | C7: =C6 -> 10 | E7: =E6 -> 100 | F7: =(E7/A7) -> 2 | G7: =B7/F7 -> #DIV/0! | H7: =C7*F7 -> 20 | J7: =J6 -> 200 | K7: =J7/A7 -> 4 | L7: =B7/K7 -> #DIV/0! | M7: =C7*K7 -> 40 | O7: =(A7*B7*W7)+(B7*'Calculateur de trading'!H7) -> #DIV/0! | P7: =O7/'Déscriptions des trades'!CK6 -> #DIV/0! | Q7: ='Déscriptions des trades'!CK6-'Déscriptions des trades'!O7 -> #DIV/0! | R7: =B7*C7 -> #DIV/0! | W7: =W6 -> 0 | X7: =W7*U7/'Déscriptions des trades'!CK7*'Déscriptions des trades'!B7 -> #DIV/0! | AA7: =AA6 -> 0.1 | AB7: =(AA7*'Déscriptions des trades'!U7*'Déscriptions des trades'!B7/'Déscriptions des trades'!CK7)*'Déscriptions des trades'!W7 -> #DIV/0! | AC7: =AB7*'Déscriptions des trades'!CK7 -> #DIV/0! | AD7: ='Déscriptions des trades'!CK7-AC7 -> #DIV/0! | AF7: 3 | CH7: =BW7-BH7 -> 0 | CJ7: =CI7/CK6 -> 0 | CK7: =CI7+CK6 -> 12.89 | CO7: =IF(CN7="Oui",10,) -> 0 | CQ7: =IF(CP7="Oui",10,) -> 0 | CS7: =IF(CR7="Bon",10,) -> 0 | CU7: =IF(CT7="Bon",10,) -> 0 | CW7: =IF(CV7="Non",10,) -> 0 | CX7: =IF(CV7="Oui",-40,) -> 0 | CY7: =SUM(CN7:CX7) -> 0 | CZ7: / | DA7: 50 | DB7: =CY7/DA7 -> 0
A8: =A7 -> 50 | B8: ='Calculateur de trading'!I8/C8/W8 -> #DIV/0! | C8: =C7 -> 10 | E8: =E7 -> 100 | F8: =(E8/A8) -> 2 | G8: =B8/F8 -> #DIV/0! | H8: =C8*F8 -> 20 | J8: =J7 -> 200 | K8: =J8/A8 -> 4 | L8: =B8/K8 -> #DIV/0! | M8: =C8*K8 -> 40 | O8: =(A8*B8*W8)+(B8*'Calculateur de trading'!H8) -> #DIV/0! | P8: =O8/'Déscriptions des trades'!CK7 -> #DIV/0! | Q8: ='Déscriptions des trades'!CK7-'Déscriptions des trades'!O8 -> #DIV/0! | R8: =B8*C8 -> #DIV/0! | W8: =W7 -> 0 | X8: =W8*U8/'Déscriptions des trades'!CK8*'Déscriptions des trades'!B8 -> #DIV/0! | AA8: =AA7 -> 0.1 | AB8: =(AA8*'Déscriptions des trades'!U8*'Déscriptions des trades'!B8/'Déscriptions des trades'!CK8)*'Déscriptions des trades'!W8 -> #DIV/0! | AC8: =AB8*'Déscriptions des trades'!CK8 -> #DIV/0! | AD8: ='Déscriptions des trades'!CK8-AC8 -> #DIV/0! | AF8: 4 | CH8: =BW8-BH8 -> 0 | CJ8: =CI8/CK7 -> 0 | CK8: =CI8+CK7 -> 12.89 | CO8: =IF(CN8="Oui",10,) -> 0 | CQ8: =IF(CP8="Oui",10,) -> 0 | CS8: =IF(CR8="Bon",10,) -> 0 | CU8: =IF(CT8="Bon",10,) -> 0 | CW8: =IF(CV8="Non",10,) -> 0 | CX8: =IF(CV8="Oui",-40,) -> 0 | CY8: =SUM(CN8:CX8) -> 0 | CZ8: / | DA8: 50 | DB8: =CY8/DA8 -> 0
A9: =A8 -> 50 | B9: ='Calculateur de trading'!I9/C9/W9 -> #DIV/0! | C9: =C8 -> 10 | E9: =E8 -> 100 | F9: =(E9/A9) -> 2 | G9: =B9/F9 -> #DIV/0! | H9: =C9*F9 -> 20 | J9: =J8 -> 200 | K9: =J9/A9 -> 4 | L9: =B9/K9 -> #DIV/0! | M9: =C9*K9 -> 40 | O9: =(A9*B9*W9)+(B9*'Calculateur de trading'!H9) -> #DIV/0! | P9: =O9/'Déscriptions des trades'!CK8 -> #DIV/0! | Q9: ='Déscriptions des trades'!CK8-'Déscriptions des trades'!O9 -> #DIV/0! | R9: =B9*C9 -> #DIV/0! | W9: =W8 -> 0 | X9: =W9*U9/'Déscriptions des trades'!CK9*'Déscriptions des trades'!B9 -> #DIV/0! | AA9: =AA8 -> 0.1 | AB9: =(AA9*'Déscriptions des trades'!U9*'Déscriptions des trades'!B9/'Déscriptions des trades'!CK9)*'Déscriptions des trades'!W9 -> #DIV/0! | AC9: =AB9*'Déscriptions des trades'!CK9 -> #DIV/0! | AD9: ='Déscriptions des trades'!CK9-AC9 -> #DIV/0! | AF9: 5 | CH9: =BW9-BH9 -> 0 | CJ9: =CI9/CK8 -> 0 | CK9: =CI9+CK8 -> 12.89 | CO9: =IF(CN9="Oui",10,) -> 0 | CQ9: =IF(CP9="Oui",10,) -> 0 | CS9: =IF(CR9="Bon",10,) -> 0 | CU9: =IF(CT9="Bon",10,) -> 0 | CW9: =IF(CV9="Non",10,) -> 0 | CX9: =IF(CV9="Oui",-40,) -> 0 | CY9: =SUM(CN9:CX9) -> 0 | CZ9: / | DA9: 50 | DB9: =CY9/DA9 -> 0
A10: =A9 -> 50 | B10: ='Calculateur de trading'!I10/C10/W10 -> #DIV/0! | C10: =C9 -> 10 | E10: =E9 -> 100 | F10: =(E10/A10) -> 2 | G10: =B10/F10 -> #DIV/0! | H10: =C10*F10 -> 20 | J10: =J9 -> 200 | K10: =J10/A10 -> 4 | L10: =B10/K10 -> #DIV/0! | M10: =C10*K10 -> 40 | O10: =(A10*B10*W10)+(B10*'Calculateur de trading'!H10) -> #DIV/0! | P10: =O10/'Déscriptions des trades'!CK9 -> #DIV/0! | Q10: ='Déscriptions des trades'!CK9-'Déscriptions des trades'!O10 -> #DIV/0! | R10: =B10*C10 -> #DIV/0! | W10: =W9 -> 0 | X10: =W10*U10/'Déscriptions des trades'!CK10*'Déscriptions des trades'!B10 -> #DIV/0! | AA10: =AA9 -> 0.1 | AB10: =(AA10*'Déscriptions des trades'!U10*'Déscriptions des trades'!B10/'Déscriptions des trades'!CK10)*'Déscriptions des trades'!W10 -> #DIV/0! | AC10: =AB10*'Déscriptions des trades'!CK10 -> #DIV/0! | AD10: ='Déscriptions des trades'!CK10-AC10 -> #DIV/0! | AF10: 6 | CH10: =BW10-BH10 -> 0 | CJ10: =CI10/CK9 -> 0 | CK10: =CI10+CK9 -> 12.89 | CO10: =IF(CN10="Oui",10,) -> 0 | CQ10: =IF(CP10="Oui",10,) -> 0 | CS10: =IF(CR10="Bon",10,) -> 0 | CU10: =IF(CT10="Bon",10,) -> 0 | CW10: =IF(CV10="Non",10,) -> 0 | CX10: =IF(CV10="Oui",-40,) -> 0 | CY10: =SUM(CN10:CX10) -> 0 | CZ10: / | DA10: 50 | DB10: =CY10/DA10 -> 0
A11: =A10 -> 50 | B11: ='Calculateur de trading'!I11/C11/W11 -> #DIV/0! | C11: =C10 -> 10 | E11: =E10 -> 100 | F11: =(E11/A11) -> 2 | G11: =B11/F11 -> #DIV/0! | H11: =C11*F11 -> 20 | J11: =J10 -> 200 | K11: =J11/A11 -> 4 | L11: =B11/K11 -> #DIV/0! | M11: =C11*K11 -> 40 | O11: =(A11*B11*W11)+(B11*'Calculateur de trading'!H11) -> #DIV/0! | P11: =O11/'Déscriptions des trades'!CK10 -> #DIV/0! | Q11: ='Déscriptions des trades'!CK10-'Déscriptions des trades'!O11 -> #DIV/0! | R11: =B11*C11 -> #DIV/0! | W11: =W10 -> 0 | X11: =W11*U11/'Déscriptions des trades'!CK11*'Déscriptions des trades'!B11 -> #DIV/0! | AA11: =AA10 -> 0.1 | AB11: =(AA11*'Déscriptions des trades'!U11*'Déscriptions des trades'!B11/'Déscriptions des trades'!CK11)*'Déscriptions des trades'!W11 -> #DIV/0! | AC11: =AB11*'Déscriptions des trades'!CK11 -> #DIV/0! | AD11: ='Déscriptions des trades'!CK11-AC11 -> #DIV/0! | AF11: 7 | CH11: =BW11-BH11 -> 0 | CJ11: =CI11/CK10 -> 0 | CK11: =CI11+CK10 -> 12.89 | CO11: =IF(CN11="Oui",10,) -> 0 | CQ11: =IF(CP11="Oui",10,) -> 0 | CS11: =IF(CR11="Bon",10,) -> 0 | CU11: =IF(CT11="Bon",10,) -> 0 | CW11: =IF(CV11="Non",10,) -> 0 | CX11: =IF(CV11="Oui",-40,) -> 0 | CY11: =SUM(CN11:CX11) -> 0 | CZ11: / | DA11: 50 | DB11: =CY11/DA11 -> 0
A12: =A11 -> 50 | B12: ='Calculateur de trading'!I12/C12/W12 -> #DIV/0! | C12: =C11 -> 10 | E12: =E11 -> 100 | F12: =(E12/A12) -> 2 | G12: =B12/F12 -> #DIV/0! | H12: =C12*F12 -> 20 | J12: =J11 -> 200 | K12: =J12/A12 -> 4 | L12: =B12/K12 -> #DIV/0! | M12: =C12*K12 -> 40 | O12: =(A12*B12*W12)+(B12*'Calculateur de trading'!H12) -> #DIV/0! | P12: =O12/'Déscriptions des trades'!CK12 -> #DIV/0! | Q12: ='Déscriptions des trades'!CK12-O12 -> #DIV/0! | R12: =B12*C12 -> #DIV/0! | W12: =W11 -> 0 | X12: =W12*U12/'Déscriptions des trades'!CK12*'Déscriptions des trades'!B12 -> #DIV/0! | AA12: =AA11 -> 0.1 | AB12: =(AA12*'Déscriptions des trades'!U12*'Déscriptions des trades'!B12/'Déscriptions des trades'!CK12)*'Déscriptions des trades'!W12 -> #DIV/0! | AC12: =AB12*'Déscriptions des trades'!CK12 -> #DIV/0! | AD12: ='Déscriptions des trades'!CK12-AC12 -> #DIV/0! | AF12: 8 | CH12: =BW12-BH12 -> 0 | CJ12: =CI12/CK11 -> 0 | CK12: =CI12+CK11 -> 12.89 | CO12: =IF(CN12="Oui",10,) -> 0 | CQ12: =IF(CP12="Oui",10,) -> 0 | CS12: =IF(CR12="Bon",10,) -> 0 | CU12: =IF(CT12="Bon",10,) -> 0 | CW12: =IF(CV12="Non",10,) -> 0 | CX12: =IF(CV12="Oui",-40,) -> 0 | CY12: =SUM(CN12:CX12) -> 0 | CZ12: / | DA12: 50 | DB12: =CY12/DA12 -> 0
A13: =A12 -> 50 | B13: ='Calculateur de trading'!I13/C13/W13 -> #DIV/0! | C13: =C12 -> 10 | E13: =E12 -> 100 | F13: =(E13/A13) -> 2 | G13: =B13/F13 -> #DIV/0! | H13: =C13*F13 -> 20 | J13: =J12 -> 200 | K13: =J13/A13 -> 4 | L13: =B13/K13 -> #DIV/0! | M13: =C13*K13 -> 40 | O13: =(A13*B13*W13)+(B13*'Calculateur de trading'!H13) -> #DIV/0! | P13: =O13/'Déscriptions des trades'!CK13 -> #DIV/0! | Q13: ='Déscriptions des trades'!CK13-O13 -> #DIV/0! | R13: =B13*C13 -> #DIV/0! | W13: =W12 -> 0 | X13: =W13*U13/'Déscriptions des trades'!CK13*'Déscriptions des trades'!B13 -> #DIV/0! | AA13: =AA12 -> 0.1 | AB13: =(AA13*'Déscriptions des trades'!U13*'Déscriptions des trades'!B13/'Déscriptions des trades'!CK13)*'Déscriptions des trades'!W13 -> #DIV/0! | AC13: =AB13*'Déscriptions des trades'!CK13 -> #DIV/0! | AD13: ='Déscriptions des trades'!CK13-AC13 -> #DIV/0! | AF13: 9 | CH13: =BW13-BH13 -> 0 | CJ13: =CI13/CK12 -> 0 | CK13: =CI13+CK12 -> 12.89 | CO13: =IF(CN13="Oui",10,) -> 0 | CQ13: =IF(CP13="Oui",10,) -> 0 | CS13: =IF(CR13="Bon",10,) -> 0 | CU13: =IF(CT13="Bon",10,) -> 0 | CW13: =IF(CV13="Non",10,) -> 0 | CX13: =IF(CV13="Oui",-40,) -> 0 | CY13: =SUM(CN13:CX13) -> 0 | CZ13: / | DA13: 50 | DB13: =CY13/DA13 -> 0
A14: =A13 -> 50 | B14: ='Calculateur de trading'!I14/C14/W14 -> #DIV/0! | C14: =C13 -> 10 | E14: =E13 -> 100 | F14: =(E14/A14) -> 2 | G14: =B14/F14 -> #DIV/0! | H14: =C14*F14 -> 20 | J14: =J13 -> 200 | K14: =J14/A14 -> 4 | L14: =B14/K14 -> #DIV/0! | M14: =C14*K14 -> 40 | O14: =(A14*B14*W14)+(B14*'Calculateur de trading'!H14) -> #DIV/0! | P14: =O14/'Déscriptions des trades'!CK14 -> #DIV/0! | Q14: ='Déscriptions des trades'!CK14-O14 -> #DIV/0! | R14: =B14*C14 -> #DIV/0! | W14: =W13 -> 0 | X14: =W14*U14/'Déscriptions des trades'!CK14*'Déscriptions des trades'!B14 -> #DIV/0! | AA14: =AA13 -> 0.1 | AB14: =(AA14*'Déscriptions des trades'!U14*'Déscriptions des trades'!B14/'Déscriptions des trades'!CK14)*'Déscriptions des trades'!W14 -> #DIV/0! | AC14: =AB14*'Déscriptions des trades'!CK14 -> #DIV/0! | AD14: ='Déscriptions des trades'!CK14-AC14 -> #DIV/0! | AF14: 10 | CH14: =BW14-BH14 -> 0 | CJ14: =CI14/CK13 -> 0 | CK14: =CI14+CK13 -> 12.89 | CO14: =IF(CN14="Oui",10,) -> 0 | CQ14: =IF(CP14="Oui",10,) -> 0 | CS14: =IF(CR14="Bon",10,) -> 0 | CU14: =IF(CT14="Bon",10,) -> 0 | CW14: =IF(CV14="Non",10,) -> 0 | CX14: =IF(CV14="Oui",-40,) -> 0 | CY14: =SUM(CN14:CX14) -> 0 | CZ14: / | DA14: 50 | DB14: =CY14/DA14 -> 0
A15: =A14 -> 50 | B15: ='Calculateur de trading'!I15/C15/W15 -> #DIV/0! | C15: =C14 -> 10 | E15: =E14 -> 100 | F15: =(E15/A15) -> 2 | G15: =B15/F15 -> #DIV/0! | H15: =C15*F15 -> 20 | J15: =J14 -> 200 | K15: =J15/A15 -> 4 | L15: =B15/K15 -> #DIV/0! | M15: =C15*K15 -> 40 | O15: =(A15*B15*W15)+(B15*'Calculateur de trading'!H15) -> #DIV/0! | P15: =O15/'Déscriptions des trades'!CK15 -> #DIV/0! | Q15: ='Déscriptions des trades'!CK15-O15 -> #DIV/0! | R15: =B15*C15 -> #DIV/0! | W15: =W14 -> 0 | X15: =W15*U15/'Déscriptions des trades'!CK15*'Déscriptions des trades'!B15 -> #DIV/0! | AA15: =AA14 -> 0.1 | AB15: =(AA15*'Déscriptions des trades'!U15*'Déscriptions des trades'!B15/'Déscriptions des trades'!CK15)*'Déscriptions des trades'!W15 -> #DIV/0! | AC15: =AB15*'Déscriptions des trades'!CK15 -> #DIV/0! | AD15: ='Déscriptions des trades'!CK15-AC15 -> #DIV/0! | AF15: 11 | CH15: =BW15-BH15 -> 0 | CJ15: =CI15/CK14 -> 0 | CK15: =CI15+CK14 -> 12.89 | CO15: =IF(CN15="Oui",10,) -> 0 | CQ15: =IF(CP15="Oui",10,) -> 0 | CS15: =IF(CR15="Bon",10,) -> 0 | CU15: =IF(CT15="Bon",10,) -> 0 | CW15: =IF(CV15="Non",10,) -> 0 | CX15: =IF(CV15="Oui",-40,) -> 0 | CY15: =SUM(CN15:CX15) -> 0 | CZ15: / | DA15: 50 | DB15: =CY15/DA15 -> 0
A16: =A15 -> 50 | B16: ='Calculateur de trading'!I16/C16/W16 -> #DIV/0! | C16: =C15 -> 10 | E16: =E15 -> 100 | F16: =(E16/A16) -> 2 | G16: =B16/F16 -> #DIV/0! | H16: =C16*F16 -> 20 | J16: =J15 -> 200 | K16: =J16/A16 -> 4 | L16: =B16/K16 -> #DIV/0! | M16: =C16*K16 -> 40 | O16: =(A16*B16*W16)+(B16*'Calculateur de trading'!H16) -> #DIV/0! | P16: =O16/'Déscriptions des trades'!CK16 -> #DIV/0! | Q16: ='Déscriptions des trades'!CK16-O16 -> #DIV/0! | R16: =B16*C16 -> #DIV/0! | W16: =W15 -> 0 | X16: =W16*U16/'Déscriptions des trades'!CK16*'Déscriptions des trades'!B16 -> #DIV/0! | AA16: =AA15 -> 0.1 | AB16: =(AA16*'Déscriptions des trades'!U16*'Déscriptions des trades'!B16/'Déscriptions des trades'!CK16)*'Déscriptions des trades'!W16 -> #DIV/0! | AC16: =AB16*'Déscriptions des trades'!CK16 -> #DIV/0! | AD16: ='Déscriptions des trades'!CK16-AC16 -> #DIV/0! | AF16: 12 | CH16: =BW16-BH16 -> 0 | CJ16: =CI16/CK15 -> 0 | CK16: =CI16+CK15 -> 12.89 | CO16: =IF(CN16="Oui",10,) -> 0 | CQ16: =IF(CP16="Oui",10,) -> 0 | CS16: =IF(CR16="Bon",10,) -> 0 | CU16: =IF(CT16="Bon",10,) -> 0 | CW16: =IF(CV16="Non",10,) -> 0 | CX16: =IF(CV16="Oui",-40,) -> 0 | CY16: =SUM(CN16:CX16) -> 0 | CZ16: / | DA16: 50 | DB16: =CY16/DA16 -> 0
A17: =A16 -> 50 | B17: ='Calculateur de trading'!I17/C17/W17 -> #DIV/0! | C17: =C16 -> 10 | E17: =E16 -> 100 | F17: =(E17/A17) -> 2 | G17: =B17/F17 -> #DIV/0! | H17: =C17*F17 -> 20 | J17: =J16 -> 200 | K17: =J17/A17 -> 4 | L17: =B17/K17 -> #DIV/0! | M17: =C17*K17 -> 40 | O17: =(A17*B17*W17)+(B17*'Calculateur de trading'!H17) -> #DIV/0! | P17: =O17/'Déscriptions des trades'!CK17 -> #DIV/0! | Q17: ='Déscriptions des trades'!CK17-O17 -> #DIV/0! | R17: =B17*C17 -> #DIV/0! | W17: =W16 -> 0 | X17: =W17*U17/'Déscriptions des trades'!CK17*'Déscriptions des trades'!B17 -> #DIV/0! | AA17: =AA16 -> 0.1 | AB17: =(AA17*'Déscriptions des trades'!U17*'Déscriptions des trades'!B17/'Déscriptions des trades'!CK17)*'Déscriptions des trades'!W17 -> #DIV/0! | AC17: =AB17*'Déscriptions des trades'!CK17 -> #DIV/0! | AD17: ='Déscriptions des trades'!CK17-AC17 -> #DIV/0! | AF17: 13 | CH17: =BW17-BH17 -> 0 | CJ17: =CI17/CK16 -> 0 | CK17: =CI17+CK16 -> 12.89 | CO17: =IF(CN17="Oui",10,) -> 0 | CQ17: =IF(CP17="Oui",10,) -> 0 | CS17: =IF(CR17="Bon",10,) -> 0 | CU17: =IF(CT17="Bon",10,) -> 0 | CW17: =IF(CV17="Non",10,) -> 0 | CX17: =IF(CV17="Oui",-40,) -> 0 | CY17: =SUM(CN17:CX17) -> 0 | CZ17: / | DA17: 50 | DB17: =CY17/DA17 -> 0
A18: =A17 -> 50 | B18: ='Calculateur de trading'!I18/C18/W18 -> #DIV/0! | C18: =C17 -> 10 | E18: =E17 -> 100 | F18: =(E18/A18) -> 2 | G18: =B18/F18 -> #DIV/0! | H18: =C18*F18 -> 20 | J18: =J17 -> 200 | K18: =J18/A18 -> 4 | L18: =B18/K18 -> #DIV/0! | M18: =C18*K18 -> 40 | O18: =(A18*B18*W18)+(B18*'Calculateur de trading'!H18) -> #DIV/0! | P18: =O18/'Déscriptions des trades'!CK18 -> #DIV/0! | Q18: ='Déscriptions des trades'!CK18-O18 -> #DIV/0! | R18: =B18*C18 -> #DIV/0! | W18: =W17 -> 0 | X18: =W18*U18/'Déscriptions des trades'!CK18*'Déscriptions des trades'!B18 -> #DIV/0! | AA18: =AA17 -> 0.1 | AB18: =(AA18*'Déscriptions des trades'!U18*'Déscriptions des trades'!B18/'Déscriptions des trades'!CK18)*'Déscriptions des trades'!W18 -> #DIV/0! | AC18: =AB18*'Déscriptions des trades'!CK18 -> #DIV/0! | AD18: ='Déscriptions des trades'!CK18-AC18 -> #DIV/0! | AF18: 14 | CH18: =BW18-BH18 -> 0 | CJ18: =CI18/CK17 -> 0 | CK18: =CI18+CK17 -> 12.89 | CO18: =IF(CN18="Oui",10,) -> 0 | CQ18: =IF(CP18="Oui",10,) -> 0 | CS18: =IF(CR18="Bon",10,) -> 0 | CU18: =IF(CT18="Bon",10,) -> 0 | CW18: =IF(CV18="Non",10,) -> 0 | CX18: =IF(CV18="Oui",-40,) -> 0 | CY18: =SUM(CN18:CX18) -> 0 | CZ18: / | DA18: 50 | DB18: =CY18/DA18 -> 0
A19: =A18 -> 50 | B19: ='Calculateur de trading'!I19/C19/W19 -> #DIV/0! | C19: =C18 -> 10 | E19: =E18 -> 100 | F19: =(E19/A19) -> 2 | G19: =B19/F19 -> #DIV/0! | H19: =C19*F19 -> 20 | J19: =J18 -> 200 | K19: =J19/A19 -> 4 | L19: =B19/K19 -> #DIV/0! | M19: =C19*K19 -> 40 | O19: =(A19*B19*W19)+(B19*'Calculateur de trading'!H19) -> #DIV/0! | P19: =O19/'Déscriptions des trades'!CK19 -> #DIV/0! | Q19: ='Déscriptions des trades'!CK19-O19 -> #DIV/0! | R19: =B19*C19 -> #DIV/0! | W19: =W18 -> 0 | X19: =W19*U19/'Déscriptions des trades'!CK19*'Déscriptions des trades'!B19 -> #DIV/0! | AA19: =AA18 -> 0.1 | AB19: =(AA19*'Déscriptions des trades'!U19*'Déscriptions des trades'!B19/'Déscriptions des trades'!CK19)*'Déscriptions des trades'!W19 -> #DIV/0! | AC19: =AB19*'Déscriptions des trades'!CK19 -> #DIV/0! | AD19: ='Déscriptions des trades'!CK19-AC19 -> #DIV/0! | AF19: 15 | CH19: =BW19-BH19 -> 0 | CJ19: =CI19/CK18 -> 0 | CK19: =CI19+CK18 -> 12.89 | CO19: =IF(CN19="Oui",10,) -> 0 | CQ19: =IF(CP19="Oui",10,) -> 0 | CS19: =IF(CR19="Bon",10,) -> 0 | CU19: =IF(CT19="Bon",10,) -> 0 | CW19: =IF(CV19="Non",10,) -> 0 | CX19: =IF(CV19="Oui",-40,) -> 0 | CY19: =SUM(CN19:CX19) -> 0 | CZ19: / | DA19: 50 | DB19: =CY19/DA19 -> 0
A20: =A19 -> 50 | B20: ='Calculateur de trading'!I20/C20/W20 -> #DIV/0! | C20: =C19 -> 10 | E20: =E19 -> 100 | F20: =(E20/A20) -> 2 | G20: =B20/F20 -> #DIV/0! | H20: =C20*F20 -> 20 | J20: =J19 -> 200 | K20: =J20/A20 -> 4 | L20: =B20/K20 -> #DIV/0! | M20: =C20*K20 -> 40 | O20: =(A20*B20*W20)+(B20*'Calculateur de trading'!H20) -> #DIV/0! | P20: =O20/'Déscriptions des trades'!CK20 -> #DIV/0! | Q20: ='Déscriptions des trades'!CK20-O20 -> #DIV/0! | R20: =B20*C20 -> #DIV/0! | W20: =W19 -> 0 | X20: =W20*U20/'Déscriptions des trades'!CK20*'Déscriptions des trades'!B20 -> #DIV/0! | AA20: =AA19 -> 0.1 | AB20: =(AA20*'Déscriptions des trades'!U20*'Déscriptions des trades'!B20/'Déscriptions des trades'!CK20)*'Déscriptions des trades'!W20 -> #DIV/0! | AC20: =AB20*'Déscriptions des trades'!CK20 -> #DIV/0! | AD20: ='Déscriptions des trades'!CK20-AC20 -> #DIV/0! | AF20: 16 | CH20: =BW20-BH20 -> 0 | CJ20: =CI20/CK19 -> 0 | CK20: =CI20+CK19 -> 12.89 | CO20: =IF(CN20="Oui",10,) -> 0 | CQ20: =IF(CP20="Oui",10,) -> 0 | CS20: =IF(CR20="Bon",10,) -> 0 | CU20: =IF(CT20="Bon",10,) -> 0 | CW20: =IF(CV20="Non",10,) -> 0 | CX20: =IF(CV20="Oui",-40,) -> 0 | CY20: =SUM(CN20:CX20) -> 0 | CZ20: / | DA20: 50 | DB20: =CY20/DA20 -> 0
A21: =A20 -> 50 | B21: ='Calculateur de trading'!I21/C21/W21 -> #DIV/0! | C21: =C20 -> 10 | E21: =E20 -> 100 | F21: =(E21/A21) -> 2 | G21: =B21/F21 -> #DIV/0! | H21: =C21*F21 -> 20 | J21: =J20 -> 200 | K21: =J21/A21 -> 4 | L21: =B21/K21 -> #DIV/0! | M21: =C21*K21 -> 40 | O21: =(A21*B21*W21)+(B21*'Calculateur de trading'!H21) -> #DIV/0! | P21: =O21/'Déscriptions des trades'!CK21 -> #DIV/0! | Q21: ='Déscriptions des trades'!CK21-O21 -> #DIV/0! | R21: =B21*C21 -> #DIV/0! | W21: =W20 -> 0 | X21: =W21*U21/'Déscriptions des trades'!CK21*'Déscriptions des trades'!B21 -> #DIV/0! | AA21: =AA20 -> 0.1 | AB21: =(AA21*'Déscriptions des trades'!U21*'Déscriptions des trades'!B21/'Déscriptions des trades'!CK21)*'Déscriptions des trades'!W21 -> #DIV/0! | AC21: =AB21*'Déscriptions des trades'!CK21 -> #DIV/0! | AD21: ='Déscriptions des trades'!CK21-AC21 -> #DIV/0! | AF21: 17 | CH21: =BW21-BH21 -> 0 | CJ21: =CI21/CK20 -> 0 | CK21: =CI21+CK20 -> 12.89 | CO21: =IF(CN21="Oui",10,) -> 0 | CQ21: =IF(CP21="Oui",10,) -> 0 | CS21: =IF(CR21="Bon",10,) -> 0 | CU21: =IF(CT21="Bon",10,) -> 0 | CW21: =IF(CV21="Non",10,) -> 0 | CX21: =IF(CV21="Oui",-40,) -> 0 | CY21: =SUM(CN21:CX21) -> 0 | CZ21: / | DA21: 50 | DB21: =CY21/DA21 -> 0
A22: =A21 -> 50 | B22: ='Calculateur de trading'!I22/C22/W22 -> #DIV/0! | C22: =C21 -> 10 | E22: =E21 -> 100 | F22: =(E22/A22) -> 2 | G22: =B22/F22 -> #DIV/0! | H22: =C22*F22 -> 20 | J22: =J21 -> 200 | K22: =J22/A22 -> 4 | L22: =B22/K22 -> #DIV/0! | M22: =C22*K22 -> 40 | O22: =(A22*B22*W22)+(B22*'Calculateur de trading'!H22) -> #DIV/0! | P22: =O22/'Déscriptions des trades'!CK22 -> #DIV/0! | Q22: ='Déscriptions des trades'!CK22-O22 -> #DIV/0! | R22: =B22*C22 -> #DIV/0! | W22: =W21 -> 0 | X22: =W22*U22/'Déscriptions des trades'!CK22*'Déscriptions des trades'!B22 -> #DIV/0! | AA22: =AA21 -> 0.1 | AB22: =(AA22*'Déscriptions des trades'!U22*'Déscriptions des trades'!B22/'Déscriptions des trades'!CK22)*'Déscriptions des trades'!W22 -> #DIV/0! | AC22: =AB22*'Déscriptions des trades'!CK22 -> #DIV/0! | AD22: ='Déscriptions des trades'!CK22-AC22 -> #DIV/0! | AF22: 18 | CH22: =BW22-BH22 -> 0 | CJ22: =CI22/CK21 -> 0 | CK22: =CI22+CK21 -> 12.89 | CO22: =IF(CN22="Oui",10,) -> 0 | CQ22: =IF(CP22="Oui",10,) -> 0 | CS22: =IF(CR22="Bon",10,) -> 0 | CU22: =IF(CT22="Bon",10,) -> 0 | CW22: =IF(CV22="Non",10,) -> 0 | CX22: =IF(CV22="Oui",-40,) -> 0 | CY22: =SUM(CN22:CX22) -> 0 | CZ22: / | DA22: 50 | DB22: =CY22/DA22 -> 0
A23: =A22 -> 50 | B23: ='Calculateur de trading'!I23/C23/W23 -> #DIV/0! | C23: =C22 -> 10 | E23: =E22 -> 100 | F23: =(E23/A23) -> 2 | G23: =B23/F23 -> #DIV/0! | H23: =C23*F23 -> 20 | J23: =J22 -> 200 | K23: =J23/A23 -> 4 | L23: =B23/K23 -> #DIV/0! | M23: =C23*K23 -> 40 | O23: =(A23*B23*W23)+(B23*'Calculateur de trading'!H23) -> #DIV/0! | P23: =O23/'Déscriptions des trades'!CK23 -> #DIV/0! | Q23: ='Déscriptions des trades'!CK23-O23 -> #DIV/0! | R23: =B23*C23 -> #DIV/0! | W23: =W22 -> 0 | X23: =W23*U23/'Déscriptions des trades'!CK23*'Déscriptions des trades'!B23 -> #DIV/0! | AA23: =AA22 -> 0.1 | AB23: =(AA23*'Déscriptions des trades'!U23*'Déscriptions des trades'!B23/'Déscriptions des trades'!CK23)*'Déscriptions des trades'!W23 -> #DIV/0! | AC23: =AB23*'Déscriptions des trades'!CK23 -> #DIV/0! | AD23: ='Déscriptions des trades'!CK23-AC23 -> #DIV/0! | AF23: 19 | CH23: =BW23-BH23 -> 0 | CJ23: =CI23/CK22 -> 0 | CK23: =CI23+CK22 -> 12.89 | CO23: =IF(CN23="Oui",10,) -> 0 | CQ23: =IF(CP23="Oui",10,) -> 0 | CS23: =IF(CR23="Bon",10,) -> 0 | CU23: =IF(CT23="Bon",10,) -> 0 | CW23: =IF(CV23="Non",10,) -> 0 | CX23: =IF(CV23="Oui",-40,) -> 0 | CY23: =SUM(CN23:CX23) -> 0 | CZ23: / | DA23: 50 | DB23: =CY23/DA23 -> 0
... A2254: =A2253 -> 50 | B2254: ='Calculateur de trading'!I2254/C2254/W2254 -> #DIV/0! | C2254: =C2253 -> 10 | E2254: =E2253 -> 100 | F2254: =(E2254/A2254) -> 2 | G2254: =B2254/F2254 -> #DIV/0! | H2254: =C2254*F2254 -> 20 | J2254: =J2253 -> 200 | K2254: =J2254/A2254 -> 4 | L2254: =B2254/K2254 -> #DIV/0! | M2254: =C2254*K2254 -> 40 | O2254: =(A2254*B2254*W2254)+(B2254*'Calculateur de trading'!H2254) -> #DIV/0! | P2254: =O2254/'Déscriptions des trades'!CK2254 -> #DIV/0! | Q2254: ='Déscriptions des trades'!CK2254-O2254 -> #DIV/0! | R2254: =B2254*C2254 -> #DIV/0! | W2254: =W2253 -> 0 | X2254: =W2254*U2254/'Déscriptions des trades'!CK2254*'Déscriptions des trades'!B2254 -> #DIV/0! | AA2254: =AA2253 -> 0.1 | AB2254: =(AA2254*'Déscriptions des trades'!U2254*'Déscriptions des trades'!B2254/'Déscriptions des trades'!CK2254)*'Déscriptions des trades'!W2254 -> #DIV/0! | AC2254: =AB2254*'Déscriptions des trades'!CK2254 -> #DIV/0! | AD2254: ='Déscriptions des trades'!CK2254-AC2254 -> #DIV/0! | AF2254: 2250 | CH2254: =BW2254-BH2254 -> 0 | CJ2254: =CI2254/CK2253 -> 0 | CK2254: =CI2254+CK2253 -> 12.89 | CO2254: =IF(CN2254="Oui",10,) -> 0 | CQ2254: =IF(CP2254="Oui",10,) -> 0 | CS2254: =IF(CR2254="Bon",10,) -> 0 | CU2254: =IF(CT2254="Bon",10,) -> 0 | CW2254: =IF(CV2254="Non",10,) -> 0 | CX2254: =IF(CV2254="Oui",-40,) -> 0 | CY2254: =SUM(CN2254:CX2254) -> 0 | CZ2254: / | DA2254: 50 | DB2254: =CY2254/DA2254 -> 0

Sheet Statistique des entrée
A1: Statistique Stratégies | J1: Statistique des gains | W1: ='Information du journal'!C8 -> 0 | X1: ='Information du journal'!C10 -> 0 | AI1: ='Information du journal'!C12 -> 0
B2: Ticks | F2: Entrée | K2: Zone 4 heures | O2: Zone journalier | S2: Zone hebdo | W2: Zone mensuel | AA2: Prix | AE2: Prix | AI2: Creux /sommet
B3: =Liste!D5 -> 21 t | C3: =COUNTIF('Déscriptions des trades'!BA5:BA1254,"21 t") -> 0 | F3: =Liste!O5 -> Sur | G3: =COUNTIF('Déscriptions des trades'!BJ5:BJ1254,"Sur") -> 0 | K3: =Liste!B22 -> Haut 4h pré | L3: =COUNTIF('Déscriptions des trades'!BL5:BL1254,"Haut 4h pré") -> 0 | M3: =IFERROR(L3/(L3+L26),"x") -> x | O3: =Liste!B27 -> Haut J pré | P3: =COUNTIF('Déscriptions des trades'!BL5:BL1254,"Haut J pré") -> 0 | Q3: =IFERROR(P3/(P3+P26),"x") -> x | S3: =Liste!B32 -> Haut H pré | T3: =COUNTIF('Déscriptions des trades'!BL5:BL1254,"Haut H pré") -> 0 | U3: =IFERROR(T3/(T3+T26),"x") -> x | W3: =Liste!B37 -> Haut M pré | X3: =COUNTIF('Déscriptions des trades'!BL5:BL1254,"Haut M pré") -> 0 | Y3: =IFERROR(X3/(X3+X26),"x") -> x | AA3: =Liste!B98 -> 50 | AB3: =COUNTIF('Déscriptions des trades'!BL5:BL1254,"50") -> 0 | AC3: =IFERROR(AB3/(AB3+AB26),"x") -> x | AE3: =Liste!B108 -> 550 | AF3: =COUNTIF('Déscriptions des trades'!BL5:BL1254,"550") -> 0 | AG3: =IFERROR(AF3/(AF3+AF26),"x") -> x | AI3: =Liste!B19 -> Plus haut pré | AJ3: =COUNTIF('Déscriptions des trades'!BL5:BL1254,"Plus haut pré") -> 0 | AK3: =IFERROR(AJ3/(AJ3+AJ26),"x") -> x
B4: =Liste!D6 -> 100 t | C4: =COUNTIF('Déscriptions des trades'!BA5:BA1254,"100 t") -> 0 | F4: =Liste!O6 -> Sous | G4: =COUNTIF('Déscriptions des trades'!BJ5:BJ1254,"Sous") -> 0 | K4: =Liste!B23 -> Bas 4h pré | L4: =COUNTIF('Déscriptions des trades'!BL5:BL1254,"Bas 4h pré") -> 0 | M4: =IFERROR(L4/(L4+L27),"x") -> x | O4: =Liste!B28 -> Bas J pré | P4: =COUNTIF('Déscriptions des trades'!BL5:BL1254,"Bas J pré") -> 0 | Q4: =IFERROR(P4/(P4+P27),"x") -> x | S4: =Liste!B33 -> Bas H pré | T4: =COUNTIF('Déscriptions des trades'!BL5:BL1254,"Bas H pré") -> 0 | U4: =IFERROR(T4/(T4+T27),"x") -> x | W4: =Liste!B38 -> Bas M pré | X4: =COUNTIF('Déscriptions des trades'!BL5:BL1254,"Bas M pré") -> 0 | Y4: =IFERROR(X4/(X4+X27),"x") -> x | AA4: =Liste!B99 -> 100 | AB4: =COUNTIF('Déscriptions des trades'!BL5:BL1254,"100") -> 0 | AC4: =IFERROR(AB4/(AB4+AB27),"x") -> x | AE4: =Liste!B109 -> 600 | AF4: =COUNTIF('Déscriptions des trades'!BL5:BL1254,"600") -> 0 | AG4: =IFERROR(AF4/(AF4+AF27),"x") -> x | AI4: =Liste!B20 -> Plus bas pré | AJ4: =COUNTIF('Déscriptions des trades'!BL5:BL1254,"Plus bas pré") -> 0 | AK4: =IFERROR(AJ4/(AJ4+AJ27),"x") -> x
B5: UT minutes | F5: Etat du marché | K5: =Liste!B24 -> Ouv. 4h pré | L5: =COUNTIF('Déscriptions des trades'!BL5:BL1254,"Ouv. 4h pré") -> 0 | M5: =IFERROR(L5/(L5+L28),"x") -> x | O5: =Liste!B29 -> Ouv. J pré | P5: =COUNTIF('Déscriptions des trades'!BL5:BL1254,"Ouv. J pré") -> 0 | Q5: =IFERROR(P5/(P5+P28),"x") -> x | S5: =Liste!B34 -> Ouv. H pré | T5: =COUNTIF('Déscriptions des trades'!BL5:BL1254,"Ouv. H pré") -> 0 | U5: =IFERROR(T5/(T5+T28),"x") -> x | W5: =Liste!B39 -> Ouv. M pré | X5: =COUNTIF('Déscriptions des trades'!BL5:BL1254,"Ouv. M pré") -> 0 | Y5: =IFERROR(X5/(X5+X28),"x") -> x | AA5: =Liste!B100 -> 150 | AB5: =COUNTIF('Déscriptions des trades'!BL5:BL1254,"150") -> 0 | AC5: =IFERROR(AB5/(AB5+AB28),"x") -> x | AE5: =Liste!B110 -> 650 | AF5: =COUNTIF('Déscriptions des trades'!BL5:BL1254,"650") -> 0 | AG5: =IFERROR(AF5/(AF5+AF28),"x") -> x | AI5: Canaux
B6: =Liste!D8 -> m1 | C6: =COUNTIF('Déscriptions des trades'!BA5:BA1254,"m1") -> 0 | F6: Haussier | G6: =COUNTIF('Déscriptions des trades'!BC5:BC1254,"Haussier") -> 0 | K6: =Liste!B25 -> Clo. 4h pré | L6: =COUNTIF('Déscriptions des trades'!BL5:BL1254,"Clo. 4h pré") -> 0 | M6: =IFERROR(L6/(L6+L29),"x") -> x | O6: =Liste!B30 -> Clo. J pré | P6: =COUNTIF('Déscriptions des trades'!BL5:BL1254,"Clo. J pré") -> 0 | Q6: =IFERROR(P6/(P6+P29),"x") -> x | S6: =Liste!B35 -> Clo. H pré | T6: =COUNTIF('Déscriptions des trades'!BL5:BL1254,"Clo. H pré ") -> 0 | U6: =IFERROR(T6/(T6+T29),"x") -> x | W6: =Liste!B40 -> Clo. M pré | X6: =COUNTIF('Déscriptions des trades'!BL5:BL1254,"Clo. M pré") -> 0 | Y6: =IFERROR(X6/(X6+X29),"x") -> x | AA6: =Liste!B101 -> 200 | AB6: =COUNTIF('Déscriptions des trades'!BL5:BL1254,"200") -> 0 | AC6: =IFERROR(AB6/(AB6+AB29),"x") -> x | AE6: =Liste!B111 -> 700 | AF6: =COUNTIF('Déscriptions des trades'!BL5:BL1254,"700") -> 0 | AG6: =IFERROR(AF6/(AF6+AF29),"x") -> x | AI6: =Liste!B7 -> Haut canal haussier | AJ6: =COUNTIF('Déscriptions des trades'!BL5:BL1254,"Haut canal haussier") -> 0 | AK6: =IFERROR(AJ6/(AJ6+AJ29),"x") -> x
B7: =Liste!D9 -> m2 | C7: =COUNTIF('Déscriptions des trades'!BA5:BA1254,"m2") -> 0 | F7: Rage | G7: =COUNTIF('Déscriptions des trades'!BC5:BC1254,"Rang") -> 0 | K7: Point Pivot | O7: Point Pivot | S7: Point Pivot | W7: Point Pivot | AA7: =Liste!B102 -> 250 | AB7: =COUNTIF('Déscriptions des trades'!BL5:BL1254,"250") -> 0 | AC7: =IFERROR(AB7/(AB7+AB30),"x") -> x | AE7: =Liste!B112 -> 750 | AF7: =COUNTIF('Déscriptions des trades'!BL5:BL1254,"750") -> 0 | AG7: =IFERROR(AF7/(AF7+AF30),"x") -> x | AI7: =Liste!B8 -> Bas canal haussier | AJ7: =COUNTIF('Déscriptions des trades'!BL5:BL1254,"Bas canal haussier") -> 0 | AK7: =IFERROR(AJ7/(AJ7+AJ30),"x") -> x
B8: =Liste!D10 -> m3 | C8: =COUNTIF('Déscriptions des trades'!BA5:BA1254,"m3") -> 0 | F8: Baissier | G8: =COUNTIF('Déscriptions des trades'!BC5:BC1254,"Baissier") -> 0 | K8: =Liste!B42 -> 4h R3 | L8: =COUNTIF('Déscriptions des trades'!BL5:BL1254,"4h R3") -> 0 | M8: =IFERROR(L8/(L8+L31),"x") -> x | O8: =Liste!B56 -> J R3 | P8: =COUNTIF('Déscriptions des trades'!BL5:BL1254,"J R3") -> 0 | Q8: =IFERROR(P8/(P8+P31),"x") -> x | S8: =Liste!B70 -> H R3 | T8: =COUNTIF('Déscriptions des trades'!BL5:BL1254,"H R3") -> 0 | U8: =IFERROR(T8/(T8+T31),"x") -> x | W8: =Liste!B84 -> M R3 | X8: =COUNTIF('Déscriptions des trades'!BL5:BL1254,"M R3") -> 0 | Y8: =IFERROR(X8/(X8+X31),"x") -> x | AA8: =Liste!B103 -> 300 | AB8: =COUNTIF('Déscriptions des trades'!BL5:BL1254,"300") -> 0 | AC8: =IFERROR(AB8/(AB8+AB31),"x") -> x | AE8: =Liste!B113 -> 800 | AF8: =COUNTIF('Déscriptions des trades'!BL5:BL1254,"800") -> 0 | AG8: =IFERROR(AF8/(AF8+AF31),"x") -> x | AI8: =Liste!B10 -> Haut canal baissier | AJ8: =COUNTIF('Déscriptions des trades'!BL5:BL1254,"Haut canal baissier") -> 0 | AK8: =IFERROR(AJ8/(AJ8+AJ31),"x") -> x
B9: =Liste!D11 -> m5 | C9: =COUNTIF('Déscriptions des trades'!BA5:BA1254,"m5") -> 0 | F9: ='Déscriptions des trades'!BE3 -> Stratégie d'entrée | K9: =Liste!B43 -> 4h R3 mid | L9: =COUNTIF('Déscriptions des trades'!BL5:BL1254,"4h R3 mid") -> 0 | M9: =IFERROR(L9/(L9+L32),"x") -> x | O9: =Liste!B57 -> J R3 mid | P9: =COUNTIF('Déscriptions des trades'!BL5:BL1254,"J R3 mid") -> 0 | Q9: =IFERROR(P9/(P9+P32),"x") -> x | S9: =Liste!B71 -> H R3 mid | T9: =COUNTIF('Déscriptions des trades'!BL5:BL1254,"H R3 mid") -> 0 | U9: =IFERROR(T9/(T9+T32),"x") -> x | W9: =Liste!B85 -> M R3 mid | X9: =COUNTIF('Déscriptions des trades'!BL5:BL1254,"M R3 mid") -> 0 | Y9: =IFERROR(X9/(X9+X32),"x") -> x | AA9: =Liste!B104 -> 350 | AB9: =COUNTIF('Déscriptions des trades'!BL5:BL1254,"350") -> 0 | AC9: =IFERROR(AB9/(AB9+AB32),"x") -> x | AE9: =Liste!B114 -> 850 | AF9: =COUNTIF('Déscriptions des trades'!BL5:BL1254,"850") -> 0 | AG9: =IFERROR(AF9/(AF9+AF32),"x") -> x | AI9: =Liste!B11 -> Bas canal baissier | AJ9: =COUNTIF('Déscriptions des trades'!BL5:BL1254,"Bas canal baissier") -> 0 | AK9: =IFERROR(AJ9/(AJ9+AJ32),"x") -> x
B10: =Liste!D12 -> m10 | C10: =COUNTIF('Déscriptions des trades'!BA5:BA1254,"m10") -> 0 | F10: =Liste!G5 -> Rebond | G10: =COUNTIF('Déscriptions des trades'!BE5:BE1254,"Rebond") -> 0 | K10: =Liste!B44 -> 4h R2 | L10: =COUNTIF('Déscriptions des trades'!BL5:BL1254,"4h R2") -> 0 | M10: =IFERROR(L10/(L10+L33),"x") -> x | O10: =Liste!B58 -> J R2 | P10: =COUNTIF('Déscriptions des trades'!BL5:BL1254,"J R2") -> 0 | Q10: =IFERROR(P10/(P10+P33),"x") -> x | S10: =Liste!B72 -> H R2 | T10: =COUNTIF('Déscriptions des trades'!BL5:BL1254,"H R2") -> 0 | U10: =IFERROR(T10/(T10+T33),"x") -> x | W10: =Liste!B86 -> M R2 | X10: =COUNTIF('Déscriptions des trades'!BL5:BL1254,"M R2") -> 0 | Y10: =IFERROR(X10/(X10+X33),"x") -> x | AA10: =Liste!B105 -> 400 | AB10: =COUNTIF('Déscriptions des trades'!BL5:BL1254,"400") -> 0 | AC10: =IFERROR(AB10/(AB10+AB33),"x") -> x | AE10: =Liste!B115 -> 900 | AF10: =COUNTIF('Déscriptions des trades'!BL5:BL1254,"900") -> 0 | AG10: =IFERROR(AF10/(AF10+AF33),"x") -> x | AI10: Obliques
B11: =Liste!D13 -> m15 | C11: =COUNTIF('Déscriptions des trades'!BA5:BA1254,"m15") -> 0 | F11: =Liste!G6 -> Cassure | G11: =COUNTIF('Déscriptions des trades'!BE5:BE1254,"Cassure") -> 0 | K11: =Liste!B45 -> 4h R2 mid | L11: =COUNTIF('Déscriptions des trades'!BL5:BL1254,"4h R2 mid") -> 0 | M11: =IFERROR(L11/(L11+L34),"x") -> x | O11: =Liste!B59 -> J R2 mid | P11: =COUNTIF('Déscriptions des trades'!BL5:BL1254,"J R2 mid") -> 0 | Q11: =IFERROR(P11/(P11+P34),"x") -> x | S11: =Liste!B73 -> H R2 mid | T11: =COUNTIF('Déscriptions des trades'!BL5:BL1254,"H R2 mid") -> 0 | U11: =IFERROR(T11/(T11+T34),"x") -> x | W11: =Liste!B87 -> M R2 mid | X11: =COUNTIF('Déscriptions des trades'!BL5:BL1254,"M R2 mid") -> 0 | Y11: =IFERROR(X11/(X11+X34),"x") -> x | AA11: =Liste!B106 -> 450 | AB11: =COUNTIF('Déscriptions des trades'!BL5:BL1254,"450") -> 0 | AC11: =IFERROR(AB11/(AB11+AB34),"x") -> x | AE11: =Liste!B116 -> 950 | AF11: =COUNTIF('Déscriptions des trades'!BL5:BL1254,"950") -> 0 | AG11: =IFERROR(AF11/(AF11+AF34),"x") -> x | AI11: =Liste!B13 -> Haut trend line | AJ11: =COUNTIF('Déscriptions des trades'!BL5:BL1254,"Haut trend line") -> 0 | AK11: =IFERROR(AJ11/(AJ11+AJ34),"x") -> x
B12: =Liste!D14 -> m30 | C12: =COUNTIF('Déscriptions des trades'!BA5:BA1254,"m30") -> 0 | F12: =Liste!G7 -> Réintégration | G12: =COUNTIF('Déscriptions des trades'!BE5:BE1254,"Réintégration") -> 0 | K12: =Liste!B46 -> 4h R1 | L12: =COUNTIF('Déscriptions des trades'!BL5:BL1254,"4h R1") -> 0 | M12: =IFERROR(L12/(L12+L35),"x") -> x | O12: =Liste!B60 -> J R1 | P12: =COUNTIF('Déscriptions des trades'!BL5:BL1254,"J R1") -> 0 | Q12: =IFERROR(P12/(P12+P35),"x") -> x | S12: =Liste!B74 -> H R1 | T12: =COUNTIF('Déscriptions des trades'!BL5:BL1254,"H R1") -> 0 | U12: =IFERROR(T12/(T12+T35),"x") -> x | W12: =Liste!B88 -> M R1 | X12: =COUNTIF('Déscriptions des trades'!BL5:BL1254,"M R1") -> 0 | Y12: =IFERROR(X12/(X12+X35),"x") -> x | AA12: =Liste!B107 -> 500 | AB12: =COUNTIF('Déscriptions des trades'!BL5:BL1254,"500") -> 0 | AC12: =IFERROR(AB12/(AB12+AB35),"x") -> x | AE12: =Liste!B117 -> 1000 | AF12: =COUNTIF('Déscriptions des trades'!BL5:BL1254,"1000") -> 0 | AG12: =IFERROR(AF12/(AF12+AF35),"x") -> x | AI12: =Liste!B14 -> Bas trend line | AJ12: =COUNTIF('Déscriptions des trades'!BL5:BL1254,"Bas trend line") -> 0 | AK12: =IFERROR(AJ12/(AJ12+AJ35),"x") -> x
B13: UT Heures | F13: =Liste!G8 -> Accélérations | G13: =COUNTIF('Déscriptions des trades'!BE5:BE1254,"Accélérations") -> 0 | K13: =Liste!B47 -> 4h R1 mid | L13: =COUNTIF('Déscriptions des trades'!BL5:BL1254,"4h R1 mid") -> 0 | M13: =IFERROR(L13/(L13+L36),"x") -> x | O13: =Liste!B61 -> J R1 mid | P13: =COUNTIF('Déscriptions des trades'!BL5:BL1254,"J R1 mid") -> 0 | Q13: =IFERROR(P13/(P13+P36),"x") -> x | S13: =Liste!B75 -> H R1 mid | T13: =COUNTIF('Déscriptions des trades'!BL5:BL1254,"H R1 mid") -> 0 | U13: =IFERROR(T13/(T13+T36),"x") -> x | W13: =Liste!B89 -> M R1 mid | X13: =COUNTIF('Déscriptions des trades'!BL5:BL1254,"M R1 mid") -> 0 | Y13: =IFERROR(X13/(X13+X36),"x") -> x | AI13: Rang
B14: =Liste!D16 -> H1 | C14: =COUNTIF('Déscriptions des trades'!BA5:BA1254,"H1") -> 0 | F14: =Liste!G9 -> Micro rang | G14: =COUNTIF('Déscriptions des trades'!BE5:BE1254,"Micro rang") -> 0 | K14: =Liste!B48 -> 4h PIVOT | L14: =COUNTIF('Déscriptions des trades'!BL5:BL1254,"4h PIVOT") -> 0 | M14: =IFERROR(L14/(L14+L37),"x") -> x | O14: =Liste!B62 -> J PIVOT | P14: =COUNTIF('Déscriptions des trades'!BL5:BL1254,"J PIVOT") -> 0 | Q14: =IFERROR(P14/(P14+P37),"x") -> x | S14: =Liste!B76 -> H PIVOT | T14: =COUNTIF('Déscriptions des trades'!BL5:BL1254,"H PIVOT") -> 0 | U14: =IFERROR(T14/(T14+T37),"x") -> x | W14: =Liste!B90 -> M PIVOT | X14: =COUNTIF('Déscriptions des trades'!BL5:BL1254,"M PIVOT") -> 0 | Y14: =IFERROR(X14/(X14+X37),"x") -> x | AI14: =Liste!B16 -> Haut du rang | AJ14: =COUNTIF('Déscriptions des trades'!BL5:BL1254,"Haut du rang") -> 0 | AK14: =IFERROR(AJ14/(AJ14+AJ37),"x") -> x
B15: =Liste!D17 -> H2 | C15: =COUNTIF('Déscriptions des trades'!BA5:BA1254,"H2") -> 0 | F15: =Liste!G10 -> Sans Stratégie | G15: =COUNTIF('Déscriptions des trades'!BE5:BE1254,"Sans stratégie") -> 0 | K15: =Liste!B49 -> 4h S1 mid | L15: =COUNTIF('Déscriptions des trades'!BL5:BL1254,"4h S1 mid") -> 0 | M15: =IFERROR(L15/(L15+L38),"x") -> x | O15: =Liste!B63 -> J S1 mid | P15: =COUNTIF('Déscriptions des trades'!BL5:BL1254,"J S1 mid") -> 0 | Q15: =IFERROR(P15/(P15+P38),"x") -> x | S15: =Liste!B77 -> H S1 mid | T15: =COUNTIF('Déscriptions des trades'!BL5:BL1254,"H S1 mid") -> 0 | U15: =IFERROR(T15/(T15+T38),"x") -> x | W15: =Liste!B91 -> M S1 mid | X15: =COUNTIF('Déscriptions des trades'!BL5:BL1254,"M S1 mid") -> 0 | Y15: =IFERROR(X15/(X15+X38),"x") -> x | AI15: =Liste!B17 -> Bas du rang | AJ15: =COUNTIF('Déscriptions des trades'!BL5:BL1254,"Bas du rang") -> 0 | AK15: =IFERROR(AJ15/(AJ15+AJ38),"x") -> x
B16: =Liste!D18 -> H3 | C16: =COUNTIF('Déscriptions des trades'!BA5:BA1254,"H3") -> 0 | F16: Passages | K16: =Liste!B50 -> 4h S1 | L16: =COUNTIF('Déscriptions des trades'!BL5:BL1254,"4h S1") -> 0 | M16: =IFERROR(L16/(L16+L39),"x") -> x | O16: =Liste!B64 -> J S1 | P16: =COUNTIF('Déscriptions des trades'!BL5:BL1254,"J S1") -> 0 | Q16: =IFERROR(P16/(P16+P39),"x") -> x | S16: =Liste!B78 -> H S1 | T16: =COUNTIF('Déscriptions des trades'!BL5:BL1254,"H S1") -> 0 | U16: =IFERROR(T16/(T16+T39),"x") -> x | W16: =Liste!B92 -> M S1 | X16: =COUNTIF('Déscriptions des trades'!BL5:BL1254,"M S1") -> 0 | Y16: =IFERROR(X16/(X16+X39),"x") -> x | AI16: Couleur de bougie
B17: =Liste!D19 -> H4 | C17: =COUNTIF('Déscriptions des trades'!BA5:BA1254,"H4") -> 0 | F17: =Liste!H5 -> 1 er | G17: =COUNTIF('Déscriptions des trades'!BF5:BF1254,"1 er") -> 0 | K17: =Liste!B51 -> 4h S2 mid | L17: =COUNTIF('Déscriptions des trades'!BL5:BL1254,"4h S2 mid") -> 0 | M17: =IFERROR(L17/(L17+L40),"x") -> x | O17: =Liste!B65 -> J S2 mid | P17: =COUNTIF('Déscriptions des trades'!BL5:BL1254,"J S2 mid") -> 0 | Q17: =IFERROR(P17/(P17+P40),"x") -> x | S17: =Liste!B79 -> H S2 mid | T17: =COUNTIF('Déscriptions des trades'!BL5:BL1254,"H S2 mid") -> 0 | U17: =IFERROR(T17/(T17+T40),"x") -> x | W17: =Liste!B93 -> M S2 mid | X17: =COUNTIF('Déscriptions des trades'!BL5:BL1254,"M S2 mid") -> 0 | Y17: =IFERROR(X17/(X17+X40),"x") -> x | AI17: =Liste!B5 -> Couleur de bougie | AJ17: =COUNTIF('Déscriptions des trades'!BL5:BL1254,"Couleur de bougie ") -> 0 | AK17: =IFERROR(AJ17/(AJ17+AJ40),"x") -> x
B18: UT Journalier | F18: =Liste!H6 -> 2 ème | G18: =COUNTIF('Déscriptions des trades'!BF5:BF1254,"2 ème") -> 0 | K18: =Liste!B52 -> 4h S2 | L18: =COUNTIF('Déscriptions des trades'!BL5:BL1254,"4h S2") -> 0 | M18: =IFERROR(L18/(L18+L41),"x") -> x | O18: =Liste!B66 -> J S2 | P18: =COUNTIF('Déscriptions des trades'!BL5:BL1254,"J S2") -> 0 | Q18: =IFERROR(P18/(P18+P41),"x") -> x | S18: =Liste!B80 -> H S2 | T18: =COUNTIF('Déscriptions des trades'!BL5:BL1254,"H S2") -> 0 | U18: =IFERROR(T18/(T18+T41),"x") -> x | W18: =Liste!B94 -> M S2 | X18: =COUNTIF('Déscriptions des trades'!BL5:BL1254,"M S2") -> 0 | Y18: =IFERROR(X18/(X18+X41),"x") -> x
B19: D1 | C19: =COUNTIF('Déscriptions des trades'!BA5:BA1254,"D1") -> 0 | F19: =Liste!H7 -> 3 ème | G19: =COUNTIF('Déscriptions des trades'!BF5:BF1254,"3 ème") -> 0 | K19: =Liste!B53 -> 4h S3 mid | L19: =COUNTIF('Déscriptions des trades'!BL5:BL1254,"4h S3 mid") -> 0 | M19: =IFERROR(L19/(L19+L42),"x") -> x | O19: =Liste!B67 -> J S3 mid | P19: =COUNTIF('Déscriptions des trades'!BL5:BL1254,"J S3 mid") -> 0 | Q19: =IFERROR(P19/(P19+P42),"x") -> x | S19: =Liste!B81 -> H S3 mid | T19: =COUNTIF('Déscriptions des trades'!BL5:BL1254,"H S3 mid") -> 0 | U19: =IFERROR(T19/(T19+T42),"x") -> x | W19: =Liste!B95 -> M S3 mid | X19: =COUNTIF('Déscriptions des trades'!BL5:BL1254,"M S3 mid") -> 0 | Y19: =IFERROR(X19/(X19+X42),"x") -> x
B20: Sens | F20: =Liste!H8 -> 4 ème | G20: =COUNTIF('Déscriptions des trades'!BF5:BF1254,"4 ème") -> 0 | K20: =Liste!B54 -> 4h S3 | L20: =COUNTIF('Déscriptions des trades'!BL5:BL1254,"4h S3") -> 0 | M20: =IFERROR(L20/(L20+L43),"x") -> x | O20: =Liste!B68 -> J S3 | P20: =COUNTIF('Déscriptions des trades'!BL5:BL1254,"J S3") -> 0 | Q20: =IFERROR(P20/(P20+P43),"x") -> x | S20: =Liste!B82 -> H S3 | T20: =COUNTIF('Déscriptions des trades'!BL5:BL1254,"H S3") -> 0 | U20: =IFERROR(T20/(T20+T43),"x") -> x | W20: =Liste!B96 -> M S3 | X20: =COUNTIF('Déscriptions des trades'!BL5:BL1254,"M S3") -> 0 | Y20: =IFERROR(X20/(X20+X43),"x") -> x
B21: =Liste!M5 -> Achat | C21: =COUNTIF('Déscriptions des trades'!AQ5:AQ2254,"Achat") -> 0 | F21: =Liste!H9 -> 5 ème | G21: =COUNTIF('Déscriptions des trades'!BF5:BF1254,"5 ème") -> 0
B22: =Liste!M6 -> Vente | C22: =COUNTIF('Déscriptions des trades'!AQ5:AQ2254,"Vente") -> 0
B24: Volatilité | F24: Type de scalpe | J24: Statistique des pertes
B25: =Liste!S5 -> Faible | C25: =COUNTIF('Déscriptions des trades'!AL5:AL2254,"Faible") -> 0 | F25: =Liste!I5 -> Risque 1 | G25: =COUNTIF('Déscriptions des trades'!AY5:AY1254,"Risque 1") -> 0 | K25: Zone 4 heures | O25: Zone journalier | S25: Zone hebdo | W25: Zone mensuel | AA25: Prix | AE25: Prix | AI25: Creux /sommet
B26: =Liste!S6 -> Modéré | C26: =COUNTIF('Déscriptions des trades'!AL5:AL2254,"Modéré") -> 0 | F26: =Liste!I6 -> Risque 2 | G26: =COUNTIF('Déscriptions des trades'!AY5:AY1254,"Risque 2") -> 0 | K26: =K3 -> Haut 4h pré | L26: =COUNTIF('Déscriptions des trades'!BM5:BM1254,"Haut 4h pré") -> 0 | M26: =IFERROR(L26/(L26+L3),"x") -> x | O26: =Liste!B27 -> Haut J pré | P26: =COUNTIF('Déscriptions des trades'!BM5:BM1254,"Haut J pré") -> 0 | Q26: =IFERROR(P26/(P26+P3),"x") -> x | S26: =Liste!B32 -> Haut H pré | T26: =COUNTIF('Déscriptions des trades'!BM5:BM1254,"Haut H pré") -> 0 | U26: =IFERROR(T26/(T26+T3),"x") -> x | W26: =Liste!B37 -> Haut M pré | X26: =COUNTIF('Déscriptions des trades'!BM5:BM1254,"Haut M pré") -> 0 | Y26: =IFERROR(X26/(X26+X3),"x") -> x | AA26: =Liste!B98 -> 50 | AB26: =COUNTIF('Déscriptions des trades'!BM5:BM1254,"50") -> 0 | AC26: =IFERROR(AB26/(AB26+AB3),"x") -> x | AE26: =Liste!B108 -> 550 | AF26: =COUNTIF('Déscriptions des trades'!BM5:BM1254,"550") -> 0 | AG26: =IFERROR(AF26/(AF26+AF3),"x") -> x | AI26: =Liste!B19 -> Plus haut pré | AJ26: =COUNTIF('Déscriptions des trades'!BM5:BM1254,"Plus haut pré") -> 0 | AK26: =IFERROR(AJ26/(AJ26+AJ3),"x") -> x
B27: =Liste!S7 -> Forte | C27: =COUNTIF('Déscriptions des trades'!AL5:AL2254,"Forte") -> 0 | F27: =Liste!I7 -> Risque 3 | G27: =COUNTIF('Déscriptions des trades'!AY5:AY1254,"Risque 3") -> 0 | K27: =K4 -> Bas 4h pré | L27: =COUNTIF('Déscriptions des trades'!BM5:BM1254,"Bas 4h pré") -> 0 | M27: =IFERROR(L27/(L27+L4),"x") -> x | O27: =Liste!B28 -> Bas J pré | P27: =COUNTIF('Déscriptions des trades'!BM5:BM1254,"Bas J pré") -> 0 | Q27: =IFERROR(P27/(P27+P4),"x") -> x | S27: =Liste!B33 -> Bas H pré | T27: =COUNTIF('Déscriptions des trades'!BM5:BM1254,"Bas H pré") -> 0 | U27: =IFERROR(T27/(T27+T4),"x") -> x | W27: =Liste!B38 -> Bas M pré | X27: =COUNTIF('Déscriptions des trades'!BM5:BM1254,"Bas M pré") -> 0 | Y27: =IFERROR(X27/(X27+X4),"x") -> x | AA27: =Liste!B99 -> 100 | AB27: =COUNTIF('Déscriptions des trades'!BM5:BM1254,"100") -> 0 | AC27: =IFERROR(AB27/(AB27+AB4),"x") -> x | AE27: =Liste!B109 -> 600 | AF27: =COUNTIF('Déscriptions des trades'!BM5:BM1254,"600") -> 0 | AG27: =IFERROR(AF27/(AF27+AF4),"x") -> x | AI27: =Liste!B20 -> Plus bas pré | AJ27: =COUNTIF('Déscriptions des trades'!BM5:BM1254,"Plus bas pré") -> 0 | AK27: =IFERROR(AJ27/(AJ27+AJ4),"x") -> x
K28: =K5 -> Ouv. 4h pré | L28: =COUNTIF('Déscriptions des trades'!BM5:BM1254,"Ouv. 4h pré") -> 0 | M28: =IFERROR(L28/(L28+L5),"x") -> x | O28: =Liste!B29 -> Ouv. J pré | P28: =COUNTIF('Déscriptions des trades'!BM5:BM1254,"Ouv. J pré") -> 0 | Q28: =IFERROR(P28/(P28+P5),"x") -> x | S28: =Liste!B34 -> Ouv. H pré | T28: =COUNTIF('Déscriptions des trades'!BM5:BM1254,"Ouv. H pré") -> 0 | U28: =IFERROR(T28/(T28+T5),"x") -> x | W28: =Liste!B39 -> Ouv. M pré | X28: =COUNTIF('Déscriptions des trades'!BM5:BM1254,"Ouv. M pré") -> 0 | Y28: =IFERROR(X28/(X28+X5),"x") -> x | AA28: =Liste!B100 -> 150 | AB28: =COUNTIF('Déscriptions des trades'!BM5:BM1254,"150") -> 0 | AC28: =IFERROR(AB28/(AB28+AB5),"x") -> x | AE28: =Liste!B110 -> 650 | AF28: =COUNTIF('Déscriptions des trades'!BM5:BM1254,"650") -> 0 | AG28: =IFERROR(AF28/(AF28+AF5),"x") -> x | AI28: Canaux
K29: =K6 -> Clo. 4h pré | L29: =COUNTIF('Déscriptions des trades'!BM5:BM1254,"Clo. 4h pré") -> 0 | M29: =IFERROR(L29/(L29+L6),"x") -> x | O29: =Liste!B30 -> Clo. J pré | P29: =COUNTIF('Déscriptions des trades'!BM5:BM1254,"Clo. J pré") -> 0 | Q29: =IFERROR(P29/(P29+P6),"x") -> x | S29: =Liste!B35 -> Clo. H pré | T29: =COUNTIF('Déscriptions des trades'!BM5:BM1254,"Clo. H pré ") -> 0 | U29: =IFERROR(T29/(T29+T6),"x") -> x | W29: =Liste!B40 -> Clo. M pré | X29: =COUNTIF('Déscriptions des trades'!BM5:BM1254,"Clo. M pré") -> 0 | Y29: =IFERROR(X29/(X29+X6),"x") -> x | AA29: =Liste!B101 -> 200 | AB29: =COUNTIF('Déscriptions des trades'!BM5:BM1254,"200") -> 0 | AC29: =IFERROR(AB29/(AB29+AB6),"x") -> x | AE29: =Liste!B111 -> 700 | AF29: =COUNTIF('Déscriptions des trades'!BM5:BM1254,"700") -> 0 | AG29: =IFERROR(AF29/(AF29+AF6),"x") -> x | AI29: =Liste!B7 -> Haut canal haussier | AJ29: =COUNTIF('Déscriptions des trades'!BM5:BM1254,"Haut canal haussier") -> 0 | AK29: =IFERROR(AJ29/(AJ29+AJ6),"x") -> x
K30: Point Pivot | O30: Point Pivot | S30: Point Pivot | W30: Point Pivot | AA30: =Liste!B102 -> 250 | AB30: =COUNTIF('Déscriptions des trades'!BM5:BM1254,"250") -> 0 | AC30: =IFERROR(AB30/(AB30+AB7),"x") -> x | AE30: =Liste!B112 -> 750 | AF30: =COUNTIF('Déscriptions des trades'!BM5:BM1254,"750") -> 0 | AG30: =IFERROR(AF30/(AF30+AF7),"x") -> x | AI30: =Liste!B8 -> Bas canal haussier | AJ30: =COUNTIF('Déscriptions des trades'!BM5:BM1254,"Bas canal haussier") -> 0 | AK30: =IFERROR(AJ30/(AJ30+AJ7),"x") -> x
K31: =Liste!B42 -> 4h R3 | L31: =COUNTIF('Déscriptions des trades'!BM5:BM1254,"4h R3") -> 0 | M31: =IFERROR(L31/(L31+L8),"x") -> x | O31: =Liste!B56 -> J R3 | P31: =COUNTIF('Déscriptions des trades'!BM5:BM1254,"J R3") -> 0 | Q31: =IFERROR(P31/(P31+P8),"x") -> x | S31: =Liste!B70 -> H R3 | T31: =COUNTIF('Déscriptions des trades'!BM5:BM1254,"H R3") -> 0 | U31: =IFERROR(T31/(T31+T8),"x") -> x | W31: =Liste!B84 -> M R3 | X31: =COUNTIF('Déscriptions des trades'!BM5:BM1254,"M R3") -> 0 | Y31: =IFERROR(X31/(X31+X8),"x") -> x | AA31: =Liste!B103 -> 300 | AB31: =COUNTIF('Déscriptions des trades'!BM5:BM1254,"300") -> 0 | AC31: =IFERROR(AB31/(AB31+AB8),"x") -> x | AE31: =Liste!B113 -> 800 | AF31: =COUNTIF('Déscriptions des trades'!BM5:BM1254,"800") -> 0 | AG31: =IFERROR(AF31/(AF31+AF8),"x") -> x | AI31: =Liste!B10 -> Haut canal baissier | AJ31: =COUNTIF('Déscriptions des trades'!BM5:BM1254,"Haut canal baissier") -> 0 | AK31: =IFERROR(AJ31/(AJ31+AJ8),"x") -> x
K32: =Liste!B43 -> 4h R3 mid | L32: =COUNTIF('Déscriptions des trades'!BM5:BM1254,"4h R3 mid") -> 0 | M32: =IFERROR(L32/(L32+L9),"x") -> x | O32: =Liste!B57 -> J R3 mid | P32: =COUNTIF('Déscriptions des trades'!BM5:BM1254,"J R3 mid") -> 0 | Q32: =IFERROR(P32/(P32+P9),"x") -> x | S32: =Liste!B71 -> H R3 mid | T32: =COUNTIF('Déscriptions des trades'!BM5:BM1254,"H R3 mid") -> 0 | U32: =IFERROR(T32/(T32+T9),"x") -> x | W32: =Liste!B85 -> M R3 mid | X32: =COUNTIF('Déscriptions des trades'!BM5:BM1254,"M R3 mid") -> 0 | Y32: =IFERROR(X32/(X32+X9),"x") -> x | AA32: =Liste!B104 -> 350 | AB32: =COUNTIF('Déscriptions des trades'!BM5:BM1254,"350") -> 0 | AC32: =IFERROR(AB32/(AB32+AB9),"x") -> x | AE32: =Liste!B114 -> 850 | AF32: =COUNTIF('Déscriptions des trades'!BM5:BM1254,"850") -> 0 | AG32: =IFERROR(AF32/(AF32+AF9),"x") -> x | AI32: =Liste!B11 -> Bas canal baissier | AJ32: =COUNTIF('Déscriptions des trades'!BM5:BM1254,"Bas canal baissier") -> 0 | AK32: =IFERROR(AJ32/(AJ32+AJ9),"x") -> x
K33: =Liste!B44 -> 4h R2 | L33: =COUNTIF('Déscriptions des trades'!BM5:BM1254,"4h R2") -> 0 | M33: =IFERROR(L33/(L33+L10),"x") -> x | O33: =Liste!B58 -> J R2 | P33: =COUNTIF('Déscriptions des trades'!BM5:BM1254,"J R2") -> 0 | Q33: =IFERROR(P33/(P33+P10),"x") -> x | S33: =Liste!B72 -> H R2 | T33: =COUNTIF('Déscriptions des trades'!BM5:BM1254,"H R2") -> 0 | U33: =IFERROR(T33/(T33+T10),"x") -> x | W33: =Liste!B86 -> M R2 | X33: =COUNTIF('Déscriptions des trades'!BM5:BM1254,"M R2") -> 0 | Y33: =IFERROR(X33/(X33+X10),"x") -> x | AA33: =Liste!B105 -> 400 | AB33: =COUNTIF('Déscriptions des trades'!BM5:BM1254,"400") -> 0 | AC33: =IFERROR(AB33/(AB33+AB10),"x") -> x | AE33: =Liste!B115 -> 900 | AF33: =COUNTIF('Déscriptions des trades'!BM5:BM1254,"900") -> 0 | AG33: =IFERROR(AF33/(AF33+AF10),"x") -> x | AI33: Obliques
K34: =Liste!B45 -> 4h R2 mid | L34: =COUNTIF('Déscriptions des trades'!BM5:BM1254,"4h R2 mid") -> 0 | M34: =IFERROR(L34/(L34+L11),"x") -> x | O34: =Liste!B59 -> J R2 mid | P34: =COUNTIF('Déscriptions des trades'!BM5:BM1254,"J R2 mid") -> 0 | Q34: =IFERROR(P34/(P34+P11),"x") -> x | S34: =Liste!B73 -> H R2 mid | T34: =COUNTIF('Déscriptions des trades'!BM5:BM1254,"H R2 mid") -> 0 | U34: =IFERROR(T34/(T34+T11),"x") -> x | W34: =Liste!B87 -> M R2 mid | X34: =COUNTIF('Déscriptions des trades'!BM5:BM1254,"M R2 mid") -> 0 | Y34: =IFERROR(X34/(X34+X11),"x") -> x | AA34: =Liste!B106 -> 450 | AB34: =COUNTIF('Déscriptions des trades'!BM5:BM1254,"450") -> 0 | AC34: =IFERROR(AB34/(AB34+AB11),"x") -> x | AE34: =Liste!B116 -> 950 | AF34: =COUNTIF('Déscriptions des trades'!BM5:BM1254,"950") -> 0 | AG34: =IFERROR(AF34/(AF34+AF11),"x") -> x | AI34: =Liste!B13 -> Haut trend line | AJ34: =COUNTIF('Déscriptions des trades'!BM5:BM1254,"Haut trend line") -> 0 | AK34: =IFERROR(AJ34/(AJ34+AJ11),"x") -> x
K35: =Liste!B46 -> 4h R1 | L35: =COUNTIF('Déscriptions des trades'!BM5:BM1254,"4h R1") -> 0 | M35: =IFERROR(L35/(L35+L12),"x") -> x | O35: =Liste!B60 -> J R1 | P35: =COUNTIF('Déscriptions des trades'!BM5:BM1254,"J R1") -> 0 | Q35: =IFERROR(P35/(P35+P12),"x") -> x | S35: =Liste!B74 -> H R1 | T35: =COUNTIF('Déscriptions des trades'!BM5:BM1254,"H R1") -> 0 | U35: =IFERROR(T35/(T35+T12),"x") -> x | W35: =Liste!B88 -> M R1 | X35: =COUNTIF('Déscriptions des trades'!BM5:BM1254,"M R1") -> 0 | Y35: =IFERROR(X35/(X35+X12),"x") -> x | AA35: =Liste!B107 -> 500 | AB35: =COUNTIF('Déscriptions des trades'!BM5:BM1254,"500") -> 0 | AC35: =IFERROR(AB35/(AB35+AB12),"x") -> x | AE35: =Liste!B117 -> 1000 | AF35: =COUNTIF('Déscriptions des trades'!BM5:BM1254,"1000") -> 0 | AG35: =IFERROR(AF35/(AF35+AF12),"x") -> x | AI35: =Liste!B14 -> Bas trend line | AJ35: =COUNTIF('Déscriptions des trades'!BM5:BM1254,"Bas trend line") -> 0 | AK35: =IFERROR(AJ35/(AJ35+AJ12),"x") -> x
K36: =Liste!B47 -> 4h R1 mid | L36: =COUNTIF('Déscriptions des trades'!BM5:BM1254,"4h R1 mid") -> 0 | M36: =IFERROR(L36/(L36+L13),"x") -> x | O36: =Liste!B61 -> J R1 mid | P36: =COUNTIF('Déscriptions des trades'!BM5:BM1254,"J R1 mid") -> 0 | Q36: =IFERROR(P36/(P36+P13),"x") -> x | S36: =Liste!B75 -> H R1 mid | T36: =COUNTIF('Déscriptions des trades'!BM5:BM1254,"H R1 mid") -> 0 | U36: =IFERROR(T36/(T36+T13),"x") -> x | W36: =Liste!B89 -> M R1 mid | X36: =COUNTIF('Déscriptions des trades'!BM5:BM1254,"M R1 mid") -> 0 | Y36: =IFERROR(X36/(X36+X13),"x") -> x | AI36: Rang
K37: =Liste!B48 -> 4h PIVOT | L37: =COUNTIF('Déscriptions des trades'!BM5:BM1254,"4h PIVOT") -> 0 | M37: =IFERROR(L37/(L37+L14),"x") -> x | O37: =Liste!B62 -> J PIVOT | P37: =COUNTIF('Déscriptions des trades'!BM5:BM1254,"J PIVOT") -> 0 | Q37: =IFERROR(P37/(P37+P14),"x") -> x | S37: =Liste!B76 -> H PIVOT | T37: =COUNTIF('Déscriptions des trades'!BM5:BM1254,"H PIVOT") -> 0 | U37: =IFERROR(T37/(T37+T14),"x") -> x | W37: =Liste!B90 -> M PIVOT | X37: =COUNTIF('Déscriptions des trades'!BM5:BM1254,"M PIVOT") -> 0 | Y37: =IFERROR(X37/(X37+X14),"x") -> x | AI37: =Liste!B16 -> Haut du rang | AJ37: =COUNTIF('Déscriptions des trades'!BM5:BM1254,"Haut du rang") -> 0 | AK37: =IFERROR(AJ37/(AJ37+AJ14),"x") -> x
K38: =Liste!B49 -> 4h S1 mid | L38: =COUNTIF('Déscriptions des trades'!BM5:BM1254,"4h S1 mid") -> 0 | M38: =IFERROR(L38/(L38+L15),"x") -> x | O38: =Liste!B63 -> J S1 mid | P38: =COUNTIF('Déscriptions des trades'!BM5:BM1254,"J S1 mid") -> 0 | Q38: =IFERROR(P38/(P38+P15),"x") -> x | S38: =Liste!B77 -> H S1 mid | T38: =COUNTIF('Déscriptions des trades'!BM5:BM1254,"H S1 mid") -> 0 | U38: =IFERROR(T38/(T38+T15),"x") -> x | W38: =Liste!B91 -> M S1 mid | X38: =COUNTIF('Déscriptions des trades'!BM5:BM1254,"M S1 mid") -> 0 | Y38: =IFERROR(X38/(X38+X15),"x") -> x | AI38: =Liste!B17 -> Bas du rang | AJ38: =COUNTIF('Déscriptions des trades'!BM5:BM1254,"Bas du rang") -> 0 | AK38: =IFERROR(AJ38/(AJ38+AJ15),"x") -> x
K39: =Liste!B50 -> 4h S1 | L39: =COUNTIF('Déscriptions des trades'!BM5:BM1254,"4h S1") -> 0 | M39: =IFERROR(L39/(L39+L16),"x") -> x | O39: =Liste!B64 -> J S1 | P39: =COUNTIF('Déscriptions des trades'!BM5:BM1254,"J S1") -> 0 | Q39: =IFERROR(P39/(P39+P16),"x") -> x | S39: =Liste!B78 -> H S1 | T39: =COUNTIF('Déscriptions des trades'!BM5:BM1254,"H S1") -> 0 | U39: =IFERROR(T39/(T39+T16),"x") -> x | W39: =Liste!B92 -> M S1 | X39: =COUNTIF('Déscriptions des trades'!BM5:BM1254,"M S1") -> 0 | Y39: =IFERROR(X39/(X39+X16),"x") -> x | AI39: Couleure de bougie | AK39: =IFERROR(AJ39/(AJ39+AJ16),"x") -> x
K40: =Liste!B51 -> 4h S2 mid | L40: =COUNTIF('Déscriptions des trades'!BM5:BM12546,"4h S2 mid") -> 0 | M40: =IFERROR(L40/(L40+L17),"x") -> x | O40: =Liste!B65 -> J S2 mid | P40: =COUNTIF('Déscriptions des trades'!BM5:BM1254,"J S2 mid") -> 0 | Q40: =IFERROR(P40/(P40+P17),"x") -> x | S40: =Liste!B79 -> H S2 mid | T40: =COUNTIF('Déscriptions des trades'!BM5:BM1254,"H S2 mid") -> 0 | U40: =IFERROR(T40/(T40+T17),"x") -> x | W40: =Liste!B93 -> M S2 mid | X40: =COUNTIF('Déscriptions des trades'!BM5:BM1254,"M S2 mid") -> 0 | Y40: =IFERROR(X40/(X40+X17),"x") -> x | AI40: =Liste!B5 -> Couleur de bougie | AJ40: =COUNTIF('Déscriptions des trades'!BM5:BM1254,"Couleur de bougie ") -> 0 | AK40: =IFERROR(AJ40/(AJ40+AJ17),"x") -> x
K41: =Liste!B52 -> 4h S2 | L41: =COUNTIF('Déscriptions des trades'!BM5:BM1254,"4h S2") -> 0 | M41: =IFERROR(L41/(L41+L18),"x") -> x | O41: =Liste!B66 -> J S2 | P41: =COUNTIF('Déscriptions des trades'!BM5:BM1254,"J S2") -> 0 | Q41: =IFERROR(P41/(P41+P18),"x") -> x | S41: =Liste!B80 -> H S2 | T41: =COUNTIF('Déscriptions des trades'!BM5:BM1254,"H S2") -> 0 | U41: =IFERROR(T41/(T41+T18),"x") -> x | W41: =Liste!B94 -> M S2 | X41: =COUNTIF('Déscriptions des trades'!BM5:BM1254,"M S2") -> 0 | Y41: =IFERROR(X41/(X41+X18),"x") -> x
K42: =Liste!B53 -> 4h S3 mid | L42: =COUNTIF('Déscriptions des trades'!BM5:BM1254,"4h S3 mid") -> 0 | M42: =IFERROR(L42/(L42+L19),"x") -> x | O42: =Liste!B67 -> J S3 mid | P42: =COUNTIF('Déscriptions des trades'!BM5:BM1254,"J S3 mid") -> 0 | Q42: =IFERROR(P42/(P42+P19),"x") -> x | S42: =Liste!B81 -> H S3 mid | T42: =COUNTIF('Déscriptions des trades'!BM5:BM1254,"H S3 mid") -> 0 | U42: =IFERROR(T42/(T42+T19),"x") -> x | W42: =Liste!B95 -> M S3 mid | X42: =COUNTIF('Déscriptions des trades'!BM5:BM1254,"M S3 mid") -> 0 | Y42: =IFERROR(X42/(X42+X19),"x") -> x
K43: =Liste!B54 -> 4h S3 | L43: =COUNTIF('Déscriptions des trades'!BM5:BM1254,"4h S3") -> 0 | M43: =IFERROR(L43/(L43+L20),"x") -> x | O43: =Liste!B68 -> J S3 | P43: =COUNTIF('Déscriptions des trades'!BM5:BM1254,"J S3") -> 0 | Q43: =IFERROR(P43/(P43+P20),"x") -> x | S43: =Liste!B82 -> H S3 | T43: =COUNTIF('Déscriptions des trades'!BM5:BM1254,"H S3") -> 0 | U43: =IFERROR(T43/(T43+T20),"x") -> x | W43: =Liste!B96 -> M S3 | X43: =COUNTIF('Déscriptions des trades'!BM5:BM1254,"M S3") -> 0 | Y43: =IFERROR(X43/(X43+X20),"x") -> x

Sheet Liste
A1: Les listes
B3: Les entrées | D3: UT | E3: Marché | G3: Stratégies | H3: Passages | I3: Type de trade | K3: Etat du marché | O3: Entrée | P3: Résultat | Q3: Année | S3: Journée volatile | T3: Evaluation du trade
B5: Couleur de bougie | D5: 21 t | E5: DOW | G5: Rebond | H5: 1 er | I5: Risque 1 | J5: Scalping | K5: Haussier | L5: Complet | M5: Achat | N5: TP | O5: Sur | P5: Gagnant | Q5: 2020 | S5: Faible | T5: Oui
D6: 100 t | E6: NDX | G6: Cassure | H6: 2 ème | I6: Risque 2 | J6: Day trading | K6: Rang | L6: Partiel | M6: Vente | N6: SL | O6: Sous | P6: Flat | Q6: 2021 | S6: Modéré | T6: Non
B7: Haut canal haussier | E7: SPX | G7: Réintégration | H7: 3 ème | I7: Risque 3 | J7: Swing trading | K7: Baissier | M7: (Les deux ) | N7: Manuel | P7: Perdant | Q7: 2022 | S7: Forte
B8: Bas canal haussier | D8: m1 | E8: DAX | G8: Accélérations | H8: 4 ème | Q8: 2023 | T8: Bon
D9: m2 | E9: CAC | G9: Micro rang | H9: 5 ème | Q9: 2024 | T9: Mauvais
B10: Haut canal baissier | D10: m3 | E10: RUS | G10: Sans Stratégie | Q10: 2025
B11: Bas canal baissier | D11: m5 | E11: FTS
D12: m10 | E12: SMI
B13: Haut trend line | D13: m15
B14: Bas trend line | D14: m30 | E14: CHF/JPY | S14: Lundi
E15: EUR/CHF | S15: Mardi
B16: Haut du rang | D16: H1 | E16: EUR/USD | S16: Mercredi
B17: Bas du rang | D17: H2 | E17: GBP/USD | S17: Jeudi
D18: H3 | E18: USD/CHF | S18: Vendredi
B19: Plus haut pré | D19: H4 | S19: Samedi
B20: Plus bas pré | E20: OR | S20: Dimanche
D21: D1 | E21: ARGENT
B22: Haut 4h pré | E22: CUIVRE
B23: Bas 4h pré
B24: Ouv. 4h pré | E24: US Brut Léger
B25: Clo. 4h pré | E25: Brut Brent
B27: Haut J pré | E27: Bitcoin
B28: Bas J pré
B29: Ouv. J pré | E29: Autre
B30: Clo. J pré
B32: Haut H pré
B33: Bas H pré
B34: Ouv. H pré
B35: Clo. H pré
B37: Haut M pré
B38: Bas M pré
B39: Ouv. M pré
B40: Clo. M pré
B42: 4h R3
B43: 4h R3 mid
B44: 4h R2
... B96: M S3
B98: 50
B99: 100
B100: 150
B101: 200
B102: 250
B103: 300
B104: 350
B105: 400
B106: 450
B107: 500
B108: 550
B109: 600
... B117: 1000

Sheet Calculateur de trading
A1: Calculateur de trading
A2: Projections Gain
A3: Trade N° | B3: Capital initiale | D3: % gain | E3: Gain | H3: Prix du SLg | I3: Gain souhaité
A5: 1 | B5: ='Information du journal'!C6 -> 0 | D5: ='Déscriptions des trades'!R3 -> 0 | E5: =B5*D5 -> 0 | H5: ='Information du journal'!C11 -> 0 | I5: =D5*'Déscriptions des trades'!CK4 -> 0
A6: 2 | B6: =E5+B5 -> 0 | D6: =D5 -> 0 | E6: =B6*D6 -> 0 | H6: =H5 -> 0 | I6: =D6*'Déscriptions des trades'!CK5 -> 0
A7: 3 | B7: =E6+B6 -> 0 | D7: =D6 -> 0 | E7: =B7*D7 -> 0 | H7: =H6 -> 0 | I7: =D7*'Déscriptions des trades'!CK7 -> 0
A8: 4 | B8: =E7+B7 -> 0 | D8: =D7 -> 0 | E8: =B8*D8 -> 0 | H8: =H7 -> 0 | I8: =D8*'Déscriptions des trades'!CK8 -> 0
A9: 5 | B9: =E8+B8 -> 0 | D9: =D8 -> 0 | E9: =B9*D9 -> 0 | H9: =H8 -> 0 | I9: =D9*'Déscriptions des trades'!CK9 -> 0
A10: 6 | B10: =E9+B9 -> 0 | D10: =D9 -> 0 | E10: =B10*D10 -> 0 | H10: =H9 -> 0 | I10: =D10*'Déscriptions des trades'!CK10 -> 0
A11: 7 | B11: =E10+B10 -> 0 | D11: =D10 -> 0 | E11: =B11*D11 -> 0 | H11: =H10 -> 0 | I11: =D11*'Déscriptions des trades'!CK11 -> 0
A12: 8 | B12: =E11+B11 -> 0 | D12: =D11 -> 0 | E12: =B12*D12 -> 0 | H12: =H11 -> 0 | I12: =D12*'Déscriptions des trades'!CK12 -> 0
A13: 9 | B13: =E12+B12 -> 0 | D13: =D12 -> 0 | E13: =B13*D13 -> 0 | H13: =H12 -> 0 | I13: =D13*'Déscriptions des trades'!CK13 -> 0
A14: 10 | B14: =E13+B13 -> 0 | D14: =D13 -> 0 | E14: =B14*D14 -> 0 | H14: =H13 -> 0 | I14: =D14*'Déscriptions des trades'!CK14 -> 0
A15: 11 | B15: =E14+B14 -> 0 | D15: =D14 -> 0 | E15: =B15*D15 -> 0 | H15: =H14 -> 0 | I15: =D15*'Déscriptions des trades'!CK15 -> 0
A16: 12 | B16: =E15+B15 -> 0 | D16: =D15 -> 0 | E16: =B16*D16 -> 0 | H16: =H15 -> 0 | I16: =D16*'Déscriptions des trades'!CK16 -> 0
A17: 13 | B17: =E16+B16 -> 0 | D17: =D16 -> 0 | E17: =B17*D17 -> 0 | H17: =H16 -> 0 | I17: =D17*'Déscriptions des trades'!CK17 -> 0
A18: 14 | B18: =E17+B17 -> 0 | D18: =D17 -> 0 | E18: =B18*D18 -> 0 | H18: =H17 -> 0 | I18: =D18*'Déscriptions des trades'!CK18 -> 0
... A63: 59 | B63: =E62+B62 -> 0 | D63: =D62 -> 0 | E63: =B63*D63 -> 0 | H63: =H62 -> 0 | I63: =D63*'Déscriptions des trades'!CK63 -> 0
A64: 60 | B64: =E63+B63 -> 0 | D64: =D63 -> 0 | E64: =B64*D64 -> 0 | H64: =H63 -> 0 | I64: =D64*'Déscriptions des trades'!CK64 -> 0 | J64: 1
A65: 61 | B65: =E64+B64 -> 0 | D65: =D64 -> 0 | E65: =B65*D65 -> 0 | H65: =H64 -> 0 | I65: =D65*'Déscriptions des trades'!CK65 -> 0
A66: 62 | B66: =E65+B65 -> 0 | D66: =D65 -> 0 | E66: =B66*D66 -> 0 | H66: =H65 -> 0 | I66: =D66*'Déscriptions des trades'!CK66 -> 0
A67: 63 | B67: =E66+B66 -> 0 | D67: =D66 -> 0 | E67: =B67*D67 -> 0 | H67: =H66 -> 0 | I67: =D67*'Déscriptions des trades'!CK67 -> 0
A68: 64 | B68: =E67+B67 -> 0 | D68: =D67 -> 0 | E68: =B68*D68 -> 0 | H68: =H67 -> 0 | I68: =D68*'Déscriptions des trades'!CK68 -> 0
A69: 65 | B69: =E68+B68 -> 0 | D69: =D68 -> 0 | E69: =B69*D69 -> 0 | H69: =H68 -> 0 | I69: =D69*'Déscriptions des trades'!CK69 -> 0
A70: 66 | B70: =E69+B69 -> 0 | D70: =D69 -> 0 | E70: =B70*D70 -> 0 | H70: =H69 -> 0 | I70: =D70*'Déscriptions des trades'!CK70 -> 0
A71: 67 | B71: =E70+B70 -> 0 | D71: =D70 -> 0 | E71: =B71*D71 -> 0 | H71: =H70 -> 0 | I71: =D71*'Déscriptions des trades'!CK71 -> 0
A72: 68 | B72: =E71+B71 -> 0 | D72: =D71 -> 0 | E72: =B72*D72 -> 0 | H72: =H71 -> 0 | I72: =D72*'Déscriptions des trades'!CK72 -> 0
A73: 69 | B73: =E72+B72 -> 0 | D73: =D72 -> 0 | E73: =B73*D73 -> 0 | H73: =H72 -> 0 | I73: =D73*'Déscriptions des trades'!CK73 -> 0
A74: 70 | B74: =E73+B73 -> 0 | D74: =D73 -> 0 | E74: =B74*D74 -> 0 | H74: =H73 -> 0 | I74: =D74*'Déscriptions des trades'!CK74 -> 0
A75: 71 | B75: =E74+B74 -> 0 | D75: =D74 -> 0 | E75: =B75*D75 -> 0 | H75: =H74 -> 0 | I75: =D75*'Déscriptions des trades'!CK75 -> 0
A76: 72 | B76: =E75+B75 -> 0 | D76: =D75 -> 0 | E76: =B76*D76 -> 0 | H76: =H75 -> 0 | I76: =D76*'Déscriptions des trades'!CK76 -> 0
... A123: 119 | B123: =E122+B122 -> 0 | D123: =D122 -> 0 | E123: =B123*D123 -> 0 | H123: =H122 -> 0 | I123: =D123*'Déscriptions des trades'!CK123 -> 0
A124: 120 | B124: =E123+B123 -> 0 | D124: =D123 -> 0 | E124: =B124*D124 -> 0 | H124: =H123 -> 0 | I124: =D124*'Déscriptions des trades'!CK124 -> 0 | J124: 2
A125: 121 | B125: =E124+B124 -> 0 | D125: =D124 -> 0 | E125: =B125*D125 -> 0 | H125: =H124 -> 0 | I125: =D125*'Déscriptions des trades'!CK125 -> 0
A126: 122 | B126: =E125+B125 -> 0 | D126: =D125 -> 0 | E126: =B126*D126 -> 0 | H126: =H125 -> 0 | I126: =D126*'Déscriptions des trades'!CK126 -> 0
A127: 123 | B127: =E126+B126 -> 0 | D127: =D126 -> 0 | E127: =B127*D127 -> 0 | H127: =H126 -> 0 | I127: =D127*'Déscriptions des trades'!CK127 -> 0
A128: 124 | B128: =E127+B127 -> 0 | D128: =D127 -> 0 | E128: =B128*D128 -> 0 | H128: =H127 -> 0 | I128: =D128*'Déscriptions des trades'!CK128 -> 0
A129: 125 | B129: =E128+B128 -> 0 | D129: =D128 -> 0 | E129: =B129*D129 -> 0 | H129: =H128 -> 0 | I129: =D129*'Déscriptions des trades'!CK129 -> 0
A130: 126 | B130: =E129+B129 -> 0 | D130: =D129 -> 0 | E130: =B130*D130 -> 0 | H130: =H129 -> 0 | I130: =D130*'Déscriptions des trades'!CK130 -> 0
A131: 127 | B131: =E130+B130 -> 0 | D131: =D130 -> 0 | E131: =B131*D131 -> 0 | H131: =H130 -> 0 | I131: =D131*'Déscriptions des trades'!CK131 -> 0
A132: 128 | B132: =E131+B131 -> 0 | D132: =D131 -> 0 | E132: =B132*D132 -> 0 | H132: =H131 -> 0 | I132: =D132*'Déscriptions des trades'!CK132 -> 0
A133: 129 | B133: =E132+B132 -> 0 | D133: =D132 -> 0 | E133: =B133*D133 -> 0 | H133: =H132 -> 0 | I133: =D133*'Déscriptions des trades'!CK133 -> 0
A134: 130 | B134: =E133+B133 -> 0 | D134: =D133 -> 0 | E134: =B134*D134 -> 0 | H134: =H133 -> 0 | I134: =D134*'Déscriptions des trades'!CK134 -> 0
A135: 131 | B135: =E134+B134 -> 0 | D135: =D134 -> 0 | E135: =B135*D135 -> 0 | H135: =H134 -> 0 | I135: =D135*'Déscriptions des trades'!CK135 -> 0
A136: 132 | B136: =E135+B135 -> 0 | D136: =D135 -> 0 | E136: =B136*D136 -> 0 | H136: =H135 -> 0 | I136: =D136*'Déscriptions des trades'!CK136 -> 0
... A183: 179 | B183: =E182+B182 -> 0 | D183: =D182 -> 0 | E183: =B183*D183 -> 0 | H183: =H182 -> 0 | I183: =D183*'Déscriptions des trades'!CK183 -> 0
A184: 180 | B184: =E183+B183 -> 0 | D184: =D183 -> 0 | E184: =B184*D184 -> 0 | H184: =H183 -> 0 | I184: =D184*'Déscriptions des trades'!CK184 -> 0 | J184: 3
A185: 181 | B185: =E184+B184 -> 0 | D185: =D184 -> 0 | E185: =B185*D185 -> 0 | H185: =H184 -> 0 | I185: =D185*'Déscriptions des trades'!CK185 -> 0
A186: 182 | B186: =E185+B185 -> 0 | D186: =D185 -> 0 | E186: =B186*D186 -> 0 | H186: =H185 -> 0 | I186: =D186*'Déscriptions des trades'!CK186 -> 0
A187: 183 | B187: =E186+B186 -> 0 | D187: =D186 -> 0 | E187: =B187*D187 -> 0 | H187: =H186 -> 0 | I187: =D187*'Déscriptions des trades'!CK187 -> 0
A188: 184 | B188: =E187+B187 -> 0 | D188: =D187 -> 0 | E188: =B188*D188 -> 0 | H188: =H187 -> 0 | I188: =D188*'Déscriptions des trades'!CK188 -> 0
A189: 185 | B189: =E188+B188 -> 0 | D189: =D188 -> 0 | E189: =B189*D189 -> 0 | H189: =H188 -> 0 | I189: =D189*'Déscriptions des trades'!CK189 -> 0
A190: 186 | B190: =E189+B189 -> 0 | D190: =D189 -> 0 | E190: =B190*D190 -> 0 | H190: =H189 -> 0 | I190: =D190*'Déscriptions des trades'!CK190 -> 0
A191: 187 | B191: =E190+B190 -> 0 | D191: =D190 -> 0 | E191: =B191*D191 -> 0 | H191: =H190 -> 0 | I191: =D191*'Déscriptions des trades'!CK191 -> 0
A192: 188 | B192: =E191+B191 -> 0 | D192: =D191 -> 0 | E192: =B192*D192 -> 0 | H192: =H191 -> 0 | I192: =D192*'Déscriptions des trades'!CK192 -> 0
A193: 189 | B193: =E192+B192 -> 0 | D193: =D192 -> 0 | E193: =B193*D193 -> 0 | H193: =H192 -> 0 | I193: =D193*'Déscriptions des trades'!CK193 -> 0
A194: 190 | B194: =E193+B193 -> 0 | D194: =D193 -> 0 | E194: =B194*D194 -> 0 | H194: =H193 -> 0 | I194: =D194*'Déscriptions des trades'!CK194 -> 0 | L194: =5*52 -> 260
A195: 191 | B195: =E194+B194 -> 0 | D195: =D194 -> 0 | E195: =B195*D195 -> 0 | H195: =H194 -> 0 | I195: =D195*'Déscriptions des trades'!CK195 -> 0
A196: 192 | B196: =E195+B195 -> 0 | D196: =D195 -> 0 | E196: =B196*D196 -> 0 | H196: =H195 -> 0 | I196: =D196*'Déscriptions des trades'!CK196 -> 0
A197: 193 | B197: =E196+B196 -> 0 | D197: =D196 -> 0 | E197: =B197*D197 -> 0 | H197: =H196 -> 0 | I197: =D197*'Déscriptions des trades'!CK197 -> 0
A198: 194 | B198: =E197+B197 -> 0 | D198: =D197 -> 0 | E198: =B198*D198 -> 0 | H198: =H197 -> 0 | I198: =D198*'Déscriptions des trades'!CK198 -> 0
A199: 195 | B199: =E198+B198 -> 0 | D199: =D198 -> 0 | E199: =B199*D199 -> 0 | H199: =H198 -> 0 | I199: =D199*'Déscriptions des trades'!CK199 -> 0
A200: 196 | B200: =E199+B199 -> 0 | D200: =D199 -> 0 | E200: =B200*D200 -> 0 | H200: =H199 -> 0 | I200: =D200*'Déscriptions des trades'!CK200 -> 0
A201: 197 | B201: =E200+B200 -> 0 | D201: =D200 -> 0 | E201: =B201*D201 -> 0 | H201: =H200 -> 0 | I201: =D201*'Déscriptions des trades'!CK201 -> 0
A202: 198 | B202: =E201+B201 -> 0 | D202: =D201 -> 0 | E202: =B202*D202 -> 0 | H202: =H201 -> 0 | I202: =D202*'Déscriptions des trades'!CK202 -> 0
A203: 199 | B203: =E202+B202 -> 0 | D203: =D202 -> 0 | E203: =B203*D203 -> 0 | H203: =H202 -> 0 | I203: =D203*'Déscriptions des trades'!CK203 -> 0
A204: 200 | B204: =E203+B203 -> 0 | D204: =D203 -> 0 | E204: =B204*D204 -> 0 | H204: =H203 -> 0 | I204: =D204*'Déscriptions des trades'!CK204 -> 0
A205: 201 | B205: =E204+B204 -> 0 | D205: =D204 -> 0 | E205: =B205*D205 -> 0 | H205: =H204 -> 0 | I205: =D205*'Déscriptions des trades'!CK205 -> 0
A206: 202 | B206: =E205+B205 -> 0 | D206: =D205 -> 0 | E206: =B206*D206 -> 0 | H206: =H205 -> 0 | I206: =D206*'Déscriptions des trades'!CK206 -> 0
... A243: 239 | B243: =E242+B242 -> 0 | D243: =D242 -> 0 | E243: =B243*D243 -> 0 | H243: =H242 -> 0 | I243: =D243*'Déscriptions des trades'!CK243 -> 0
A244: 240 | B244: =E243+B243 -> 0 | D244: =D243 -> 0 | E244: =B244*D244 -> 0 | H244: =H243 -> 0 | I244: =D244*'Déscriptions des trades'!CK244 -> 0 | J244: 4
A245: 241 | B245: =E244+B244 -> 0 | D245: =D244 -> 0 | E245: =B245*D245 -> 0 | H245: =H244 -> 0 | I245: =D245*'Déscriptions des trades'!CK245 -> 0
A246: 242 | B246: =E245+B245 -> 0 | D246: =D245 -> 0 | E246: =B246*D246 -> 0 | H246: =H245 -> 0 | I246: =D246*'Déscriptions des trades'!CK246 -> 0
A247: 243 | B247: =E246+B246 -> 0 | D247: =D246 -> 0 | E247: =B247*D247 -> 0 | H247: =H246 -> 0 | I247: =D247*'Déscriptions des trades'!CK247 -> 0
A248: 244 | B248: =E247+B247 -> 0 | D248: =D247 -> 0 | E248: =B248*D248 -> 0 | H248: =H247 -> 0 | I248: =D248*'Déscriptions des trades'!CK248 -> 0
A249: 245 | B249: =E248+B248 -> 0 | D249: =D248 -> 0 | E249: =B249*D249 -> 0 | H249: =H248 -> 0 | I249: =D249*'Déscriptions des trades'!CK249 -> 0
A250: 246 | B250: =E249+B249 -> 0 | D250: =D249 -> 0 | E250: =B250*D250 -> 0 | H250: =H249 -> 0 | I250: =D250*'Déscriptions des trades'!CK250 -> 0
A251: 247 | B251: =E250+B250 -> 0 | D251: =D250 -> 0 | E251: =B251*D251 -> 0 | H251: =H250 -> 0 | I251: =D251*'Déscriptions des trades'!CK251 -> 0
A252: 248 | B252: =E251+B251 -> 0 | D252: =D251 -> 0 | E252: =B252*D252 -> 0 | H252: =H251 -> 0 | I252: =D252*'Déscriptions des trades'!CK252 -> 0
A253: 249 | B253: =E252+B252 -> 0 | D253: =D252 -> 0 | E253: =B253*D253 -> 0 | H253: =H252 -> 0 | I253: =D253*'Déscriptions des trades'!CK253 -> 0
A254: 250 | B254: =E253+B253 -> 0 | D254: =D253 -> 0 | E254: =B254*D254 -> 0 | H254: =H253 -> 0 | I254: =D254*'Déscriptions des trades'!CK254 -> 0
A255: 251 | B255: =E254+B254 -> 0 | D255: =D254 -> 0 | E255: =B255*D255 -> 0 | H255: =H254 -> 0 | I255: =D255*'Déscriptions des trades'!CK255 -> 0
A256: 252 | B256: =E255+B255 -> 0 | D256: =D255 -> 0 | E256: =B256*D256 -> 0 | H256: =H255 -> 0 | I256: =D256*'Déscriptions des trades'!CK256 -> 0
... A2254: 2250 | B2254: =E2253+B2253 -> 0 | D2254: =D2253 -> 0 | E2254: =B2254*D2254 -> 0 | H2254: =H2253 -> 0 | I2254: =D2254*'Déscriptions des trades'!CK2254 -> 0

Sheet Statistique des trades
B1: Statistique du capital de trading
D3: Capital de trading | E3: ='Calculateur de trading'!B5 -> 0
D4: Solde actuel | E4: ='Déscriptions des trades'!CK2254 -> 12.89
D5: Evolution du capital | E5: =SUM('Déscriptions des trades'!CJ5:CJ2254) -> #DIV/0!
B8: Statistique des gains / pertes
E11: Statistique des gains | G11: Statisique des pertes
D12: Total des gains / pertes | E12: =E13 -> #REF! | G12: =ABS(G13) -> #REF!
D13: Total des gains / pertes | E13: =SUMIF(#REF!,">0",#REF!) -> #REF! | G13: =SUMIF(#REF!,"<0",#REF!) -> #REF!
D14: Gain / pertes moyen par trade | E14: =E13/E16 -> #REF! | G14: =G13/G16 -> #REF!
D16: Trades gagnants / flat / perdants | E16: =E72+K72 -> 0 | F16: =F72+L72 -> 0 | G16: =G72+M72 -> 0
D18: % des trades gagnants etperdants | E18: =E16/H24 -> #DIV/0! | G18: =G16/H24 -> #DIV/0!
D19: Profit Factor | E19: =E12/G12 -> #REF!
B22: Statistique des trades
E24: Nbrs total de tardes | H24: =E16+F16+G16 -> 0
E25: Nbrs de positions Achat / Vente | G25: =SUM(E72:G72) -> 0 | I25: =SUM(K72:M72) -> 0
E26: % Prise des positions Achat / Vente | G26: =G25/H24 -> #DIV/0! | I26: =I25/H24 -> #DIV/0!
B28: Statistique ACHAT | H28: Statistique VENTE
D30: Total des gains a l'achat | E30: =E72 -> 0 | F30: / | G30: =G25 -> 0 | J30: Total des gains a la vente | K30: =K72 -> 0 | L30: / | M30: =I25 -> 0
D31: % des trade gagnants | E31: =E30/G30 -> #DIV/0! | J31: % des trade gagnants | K31: =K30/M30 -> #DIV/0!
D33: Total des flats a l'achat | E33: =F72 -> 0 | F33: / | G33: =G25 -> 0 | J33: Total des flats a la vente | K33: =L72 -> 0 | L33: / | M33: =I25 -> 0
D34: % des trades flats | E34: =E33/G33 -> #DIV/0! | J34: % des trades flats | K34: =K33/M33 -> #DIV/0!
D36: Total des pertes a l'achat | E36: =G72 -> 0 | F36: / | G36: =G25 -> 0 | J36: Total des pertes a la vente | K36: =M72 -> 0 | L36: / | M36: =I25 -> 0
D37: % des trades perdant | E37: =E36/G36 -> #DIV/0! | J37: % des trades perdant | K37: =K36/M36 -> #DIV/0!
B46: Statistique des support
D49: SUPPORT | E49: ACHATS | J49: SUPPORT | K49: VENTES
D51: DOW | E51: =COUNTIF('Déscriptions des trades'!AQ5:AQ204,"DOW AG") -> 0 | F51: =COUNTIF('Déscriptions des trades'!AQ5:AQ204,"DOW AF") -> 0 | G51: =COUNTIF('Déscriptions des trades'!AQ5:AQ204,"DOW AP") -> 0 | J51: DOW | K51: =COUNTIF('Déscriptions des trades'!AQ5:AQ204,"DOW VG") -> 0 | L51: =COUNTIF('Déscriptions des trades'!AQ5:AQ204,"DOW VF") -> 0 | M51: =COUNTIF('Déscriptions des trades'!AQ5:AQ204,"DOW VP") -> 0
D52: NDX | E52: =COUNTIF('Déscriptions des trades'!AQ5:AQ204,"NDX AG") -> 0 | F52: =COUNTIF('Déscriptions des trades'!AQ5:AQ204,"NDX AF") -> 0 | G52: =COUNTIF('Déscriptions des trades'!AQ5:AQ204,"NDX AP") -> 0 | J52: NDX | K52: =COUNTIF('Déscriptions des trades'!AQ5:AQ204,"NDX VG") -> 0 | L52: =COUNTIF('Déscriptions des trades'!AQ5:AQ204,"NDX VF") -> 0 | M52: =COUNTIF('Déscriptions des trades'!AQ5:AQ204,"NDX VP") -> 0
D53: SPX | E53: =COUNTIF('Déscriptions des trades'!AQ5:AQ204,"SPX AG") -> 0 | F53: =COUNTIF('Déscriptions des trades'!AQ5:AQ204,"SPX AF") -> 0 | G53: =COUNTIF('Déscriptions des trades'!AQ5:AQ204,"SPX AP") -> 0 | J53: SPX | K53: =COUNTIF('Déscriptions des trades'!AQ5:AQ204,"SPX VG") -> 0 | L53: =COUNTIF('Déscriptions des trades'!AQ5:AQ204,"SPX VF") -> 0 | M53: =COUNTIF('Déscriptions des trades'!AQ5:AQ204,"SPX VP") -> 0
D54: DAX | E54: =COUNTIF('Déscriptions des trades'!AQ5:AQ204,"DAX AG") -> 0 | F54: =COUNTIF('Déscriptions des trades'!AQ5:AQ204,"DAX AF") -> 0 | G54: =COUNTIF('Déscriptions des trades'!AQ5:AQ204,"DAX AP") -> 0 | J54: DAX | K54: =COUNTIF('Déscriptions des trades'!AQ5:AQ204,"DAX VG") -> 0 | L54: =COUNTIF('Déscriptions des trades'!AQ5:AQ204,"DAX VF") -> 0 | M54: =COUNTIF('Déscriptions des trades'!AQ5:AQ204,"DAX VP") -> 0
D55: CAC | E55: =COUNTIF('Déscriptions des trades'!AQ5:AQ204,"CAC AG") -> 0 | F55: =COUNTIF('Déscriptions des trades'!AQ5:AQ204,"CAC AF") -> 0 | G55: =COUNTIF('Déscriptions des trades'!AQ5:AQ204,"CAC AP") -> 0 | J55: CAC | K55: =COUNTIF('Déscriptions des trades'!AQ5:AQ204,"CAC VG") -> 0 | L55: =COUNTIF('Déscriptions des trades'!AQ5:AQ204,"CAC VF") -> 0 | M55: =COUNTIF('Déscriptions des trades'!AQ5:AQ204,"CAC VP") -> 0
D56: RUS | E56: =COUNTIF('Déscriptions des trades'!AQ5:AQ204,"RUS AG") -> 0 | F56: =COUNTIF('Déscriptions des trades'!AQ5:AQ204,"RUS AF") -> 0 | G56: =COUNTIF('Déscriptions des trades'!AQ5:AQ204,"RUS AP") -> 0 | J56: RUS | K56: =COUNTIF('Déscriptions des trades'!AQ5:AQ204,"RUS VG") -> 0 | L56: =COUNTIF('Déscriptions des trades'!AQ5:AQ204,"RUS VF") -> 0 | M56: =COUNTIF('Déscriptions des trades'!AQ5:AQ204,"RUS VP") -> 0
D57: FTS | E57: =COUNTIF('Déscriptions des trades'!AQ5:AQ204,"FTS AG") -> 0 | F57: =COUNTIF('Déscriptions des trades'!AQ5:AQ204,"FTS AF") -> 0 | G57: =COUNTIF('Déscriptions des trades'!AQ5:AQ204,"FTS AP") -> 0 | J57: FTS | K57: =COUNTIF('Déscriptions des trades'!AQ5:AQ204,"FTS VG") -> 0 | L57: =COUNTIF('Déscriptions des trades'!AQ5:AQ204,"FTS VF") -> 0 | M57: =COUNTIF('Déscriptions des trades'!AQ5:AQ204,"FTS VP") -> 0
D58: SMI | E58: =COUNTIF('Déscriptions des trades'!AQ5:AQ204,"SMI AG") -> 0 | F58: =COUNTIF('Déscriptions des trades'!AQ5:AQ204,"SMI AF") -> 0 | G58: =COUNTIF('Déscriptions des trades'!AQ5:AQ204,"SMI AP") -> 0 | J58: SMI | K58: =COUNTIF('Déscriptions des trades'!AQ5:AQ204,"SMI VG") -> 0 | L58: =COUNTIF('Déscriptions des trades'!AQ5:AQ204,"SMI VF") -> 0 | M58: =COUNTIF('Déscriptions des trades'!AQ5:AQ204,"SMI VP") -> 0
D59: CHF/JPY | E59: =COUNTIF('Déscriptions des trades'!AQ5:AQ204,"CHF/JPY AG") -> 0 | F59: =COUNTIF('Déscriptions des trades'!AQ5:AQ204,"CHF/JPY AF") -> 0 | G59: =COUNTIF('Déscriptions des trades'!AQ5:AQ204,"CHF/JPY AP") -> 0 | J59: CHF/JPY | K59: =COUNTIF('Déscriptions des trades'!AQ5:AQ204,"CHF/JPY VG") -> 0 | L59: =COUNTIF('Déscriptions des trades'!AQ5:AQ204,"CHF/JPY VF") -> 0 | M59: =COUNTIF('Déscriptions des trades'!AQ5:AQ204,"CHF/JPY VP") -> 0
D60: EUR/CHF | E60: =COUNTIF('Déscriptions des trades'!AQ5:AQ204,"EUR/CHF AG") -> 0 | F60: =COUNTIF('Déscriptions des trades'!AQ5:AQ204,"EUR/CHF AF") -> 0 | G60: =COUNTIF('Déscriptions des trades'!AQ5:AQ204,"EUR/CHF AP") -> 0 | J60: EUR/CHF | K60: =COUNTIF('Déscriptions des trades'!AQ5:AQ204,"EUR/CHF VG") -> 0 | L60: =COUNTIF('Déscriptions des trades'!AQ5:AQ204,"EUR/CHF VF") -> 0 | M60: =COUNTIF('Déscriptions des trades'!AQ5:AQ204,"EUR/CHF VP") -> 0
D61: EUR/USD | E61: =COUNTIF('Déscriptions des trades'!AQ5:AQ204,"EUR/USD AG") -> 0 | F61: =COUNTIF('Déscriptions des trades'!AQ5:AQ204,"EUR/USD AF") -> 0 | G61: =COUNTIF('Déscriptions des trades'!AQ5:AQ204,"EUR/USD AP") -> 0 | J61: EUR/USD | K61: =COUNTIF('Déscriptions des trades'!AQ5:AQ204,"EUR/USD VG") -> 0 | L61: =COUNTIF('Déscriptions des trades'!AQ5:AQ204,"EUR/USD VF") -> 0 | M61: =COUNTIF('Déscriptions des trades'!AQ5:AQ204,"EUR/USD VP") -> 0
D62: GBP/USD | E62: =COUNTIF('Déscriptions des trades'!AQ5:AQ204,"GBP/USD AG") -> 0 | F62: =COUNTIF('Déscriptions des trades'!AQ5:AQ204,"GBP/USD AF") -> 0 | G62: =COUNTIF('Déscriptions des trades'!AQ5:AQ204,"GBP/USD AP") -> 0 | J62: GBP/USD | K62: =COUNTIF('Déscriptions des trades'!AQ5:AQ204,"GBP/USD VG") -> 0 | L62: =COUNTIF('Déscriptions des trades'!AQ5:AQ204,"GBP/USD VF") -> 0 | M62: =COUNTIF('Déscriptions des trades'!AQ5:AQ204,"GBP/USD VP") -> 0
D63: USD/CHF | E63: =COUNTIF('Déscriptions des trades'!AQ5:AQ204,"USD/ AG") -> 0 | F63: =COUNTIF('Déscriptions des trades'!AQ5:AQ204,"USD/ AF") -> 0 | G63: =COUNTIF('Déscriptions des trades'!AQ5:AQ204,"USD/ AP") -> 0 | J63: USD/CHF | K63: =COUNTIF('Déscriptions des trades'!AQ5:AQ204,"USD/CHF VG") -> 0 | L63: =COUNTIF('Déscriptions des trades'!AQ5:AQ204,"USD/CHF VF") -> 0 | M63: =COUNTIF('Déscriptions des trades'!AQ5:AQ204,"USD/CHF VP") -> 0
D64: OR | E64: =COUNTIF('Déscriptions des trades'!AQ5:AQ204,"OR AG") -> 0 | F64: =COUNTIF('Déscriptions des trades'!AQ5:AQ204,"OR AF") -> 0 | G64: =COUNTIF('Déscriptions des trades'!AQ5:AQ204,"OR AP") -> 0 | J64: OR | K64: =COUNTIF('Déscriptions des trades'!AQ5:AQ204,"OR VG") -> 0 | L64: =COUNTIF('Déscriptions des trades'!AQ5:AQ204,"OR VF") -> 0 | M64: =COUNTIF('Déscriptions des trades'!AQ5:AQ204,"OR VP") -> 0
D65: ARGENT | E65: =COUNTIF('Déscriptions des trades'!AQ5:AQ204,"ARGENT AG") -> 0 | F65: =COUNTIF('Déscriptions des trades'!AQ5:AQ204,"ARGENT AF") -> 0 | G65: =COUNTIF('Déscriptions des trades'!AQ5:AQ204,"ARGENT AP") -> 0 | J65: ARGENT | K65: =COUNTIF('Déscriptions des trades'!AQ5:AQ204,"ARGENT VG") -> 0 | L65: =COUNTIF('Déscriptions des trades'!AQ5:AQ204,"ARGENT VF") -> 0 | M65: =COUNTIF('Déscriptions des trades'!AQ5:AQ204,"ARGENT VP") -> 0
D66: CUIVRE | E66: =COUNTIF('Déscriptions des trades'!AQ5:AQ204,"CUIVRE AG") -> 0 | F66: =COUNTIF('Déscriptions des trades'!AQ5:AQ204,"CUIVRE AF") -> 0 | G66: =COUNTIF('Déscriptions des trades'!AQ5:AQ204,"CUIVRE AP") -> 0 | J66: CUIVRE | K66: =COUNTIF('Déscriptions des trades'!AQ5:AQ204,"CUIVRE VG") -> 0 | L66: =COUNTIF('Déscriptions des trades'!AQ5:AQ204,"CUIVRE VF") -> 0 | M66: =COUNTIF('Déscriptions des trades'!AQ5:AQ204,"CUIVRE VP") -> 0
D67: US Brut Léger | E67: =COUNTIF('Déscriptions des trades'!AQ5:AQ204,"US Brut Léger AG") -> 0 | F67: =COUNTIF('Déscriptions des trades'!AQ5:AQ204,"US Brut Léger AF") -> 0 | G67: =COUNTIF('Déscriptions des trades'!AQ5:AQ204,"US Brut Léger AP") -> 0 | J67: US Brut Léger | K67: =COUNTIF('Déscriptions des trades'!AQ5:AQ204,"US Brut Léger VG") -> 0 | L67: =COUNTIF('Déscriptions des trades'!AQ5:AQ204,"US Brut Léger VF") -> 0 | M67: =COUNTIF('Déscriptions des trades'!AQ5:AQ204,"US Brut Léger VP") -> 0
D68: Brut Brent | E68: =COUNTIF('Déscriptions des trades'!AQ5:AQ204,"Brut Brent AG") -> 0 | F68: =COUNTIF('Déscriptions des trades'!AQ5:AQ204,"Brut Brent AF") -> 0 | G68: =COUNTIF('Déscriptions des trades'!AQ5:AQ204,"Brut Brent AP") -> 0 | J68: Brut Brent | K68: =COUNTIF('Déscriptions des trades'!AQ5:AQ204,"Brut Brent VG") -> 0 | L68: =COUNTIF('Déscriptions des trades'!AQ5:AQ204,"Brut Brent VF") -> 0 | M68: =COUNTIF('Déscriptions des trades'!AQ5:AQ204,"Brut Brent VP") -> 0
D69: Bitcoin | E69: =COUNTIF('Déscriptions des trades'!AQ5:AQ204,"Bitcoin AG") -> 0 | F69: =COUNTIF('Déscriptions des trades'!AQ5:AQ204,"Bitcoin AF") -> 0 | G69: =COUNTIF('Déscriptions des trades'!AQ5:AQ204,"Bitcoin AP") -> 0 | J69: Bitcoin | K69: =COUNTIF('Déscriptions des trades'!AQ5:AQ204,"Bitcoin VG") -> 0 | L69: =COUNTIF('Déscriptions des trades'!AQ5:AQ204,"Bitcoin VF") -> 0 | M69: =COUNTIF('Déscriptions des trades'!AQ5:AQ204,"Bitcoin VP") -> 0
D72: Tataux | E72: =SUM(E51:E71) -> 0 | F72: =SUM(F51:F71) -> 0 | G72: =SUM(G51:G71) -> 0 | J72: Total | K72: =SUM(K51:K71) -> 0 | L72: =SUM(L51:L71) -> 0 | M72: =SUM(M51:M71) -> 0
